 Dungeon Crawl Stone Soup version 0.30-a0-591-g3c58d2bc28 (webtiles) character file.

Game seed: 10918542152296534632

845335 rocky1 the Conqueror (level 27, -5/199 HPs)
             Began as a Gargoyle Fighter on Dec 27, 2022.
             Was an Initiate of Gozag.
             Killed from afar by an iron giant (17 damage)
             ... with a harpoon shot
             ... on level 24 of a ziggurat on Jan 5, 2023.
             The game lasted 05:08:05 (93838 turns).

rocky1 the Conqueror (Gargoyle Fighter)            Turns: 93838, Time: 05:08:06

Health: -5/199     AC: 63    Str: 33    XL:     27
Magic:  0/36       EV: 24    Int: 20    God:    Gozag
Gold:   7905       SH: 18    Dex: 15    Spells: 32/40 levels left

rFire   + + +      SeeInvis +    a - +9 broad axe (freeze)
rCold   + + +      Faith    .    H - +2 shield of Resistance {rF++ rC++ Will++}
rNeg    + + .      Spirit   +    L - +8 plate armour of Vehumet's Castigation {rF+ Dex+4}
rPois   ∞          Reflect  .    i - +0 helmet of the Bouncing Lies {+Inv rPois rF+ Slay+5}
rElec   +          Harm     .    E - scarf {rC+ rF+}
rCorr   +          Rampage  .    X - +2 pair of gloves of Inevitability {rC+ Str+2 Int+4}
Will    +++++                    p - +2 pair of boots {Stlth+} Stlth
                                 m - amulet "Ilasuica" {Spirit Will+ Str+4 SInv}
HPRegen 0.53/turn                G - ring "Ebunallefot" {EV+5 Slay+5}
MPRegen 0.25/turn                O - ring "Emivoxtuywke" {rC+ rN+ Will+ rCorr Int+2}

@: gold aura, flying, studying 5 skills
A: sickness immunity, AC +20, big wings, negative energy resistance 1,
electricity resistance, torment resistance 1, petrification resistance,
iridescent scales 1, fire resistance 1, high MP 1, wild magic 1
}: 5/15 runes: barnacled, slimy, silver, obsidian, gossamer
a: Renounce Religion, Evoke Invisibility, Potion Petition, Call Merchant, Bribe
Branch


You were on level 24 of a ziggurat.
You worshipped Gozag.
Gozag was greatly pleased with you.
You visited 15 branches of the dungeon, and saw 65 of its levels.
You visited the Abyss 1 time.
You visited 1 ziggurat, and saw 24 of its levels.
You also visited: Sewer and Gauntlet.

You collected 41300 gold pieces.
You spent 6713 gold pieces at shops.
You paid 26682 gold pieces to Gozag.

Inventory:

Hand Weapons
 a - a +9 broad axe of freezing (weapon)
 b - a +4 hand crossbow of flaming
 j - the +6 arbalest "Damnation" {damnation}
   (You found it on level 5 of a ziggurat)

   Any ammunition fired from it explodes in a burst of damnation on striking a
   foe, dealing damage which bypasses armour.
 I - the +7 sceptre of Torment {pain, torment}
   (You found it on level 13 of a ziggurat)

   It occasionally torments all nearby living foes when it strikes in combat.
 U - the +5 Lochaber axe {reach-cleave, poleaxe, Drain}
   (You found it on level 18 of a ziggurat)

   It can be evoked to extend its reach, and strikes at all foes within reach,
   dealing less damage to those not targeted.
   It uses either Axes or Polearms skill, whichever is higher.
   Drain:     It drains your maximum health when unequipped.
 W - the +8 frozen axe "Frostbite" {freeze, freezing cloud, *Noise Fly rC+}
   (You found it on level 21 of a ziggurat)

   It occasionally leaves clouds of freezing vapour upon striking a foe.
   It grants immunity to clouds of freezing vapour.
   rC:        It protects you from cold.
   Fly:       It grants you flight.
   *Noise:    It may make noises in combat.
 Z - a +9 morningstar of holy wrath
Armour
 i - the +0 helmet of the Bouncing Lies (worn) {+Inv rPois rF+ Slay+5}
   (You bought it in a shop on level 2 of the Depths)

   Slay:      It affects your accuracy & damage with ranged weapons and melee
   (+5).
   rF:        It protects you from fire.
   rPois:     It protects you from poison.
   +Inv:      It lets you turn invisible.
 p - a +2 pair of boots of stealth (worn)
 r - the +3 Mad Mage's Maulers {Infuse+∞ VampMP -Cast}
   (You found it on level 15 of a ziggurat)

   It empowers its wearer's blows with all of their magic.
   Blows struck in melee replenish the wearer's magic.
   -Cast:     It prevents spellcasting.
 y - the +1 cloak of Starlight {*Dazzle EV+4 Stlth--}
   (You found it on level 12 of a ziggurat)

   It may blind those who miss an attack against the wearer in melee combat.
   EV:        It affects your evasion (+4).
   Stlth:     It makes you much less stealthy.
 E - a scarf of resistance (worn)
 H - the +2 shield of Resistance (worn) {rF++ rC++ Will++}
   (You found it on level 8 of a ziggurat)

   rF:        It greatly protects you from fire.
   rC:        It greatly protects you from cold.
   Will:      It greatly increases your willpower.
 L - the +8 plate armour of Vehumet's Castigation (worn) {rF+ Dex+4}
   (You found it on level 5 of the Pits of Slime)

   Dex:       It affects your dexterity (+4).
   rF:        It protects you from fire.
 X - the +2 pair of gloves of Inevitability (worn) {rC+ Str+2 Int+4}
   (You found it on level 7 of Gehenna)

   Str:       It affects your strength (+2).
   Int:       It affects your intelligence (+4).
   rC:        It protects you from cold.
Jewellery
 m - the amulet "Ilasuica" (around neck) {Spirit Will+ Str+4 SInv}
   (You found it in a Gauntlet)

   [amulet of guardian spirit]

   It causes incoming damage to be divided between your reserves of health and
   magic.
   Str:       It affects your strength (+4).
   SInv:      It lets you see invisible.
   Will:      It increases your willpower.
 u - the ring of Sunlight {+Blink Dex+3 Slay+4 Stlth+}
   (You found it on level 21 of a ziggurat)

   [ring of slaying]

   Dex:       It affects your dexterity (+3).
   Slay:      It affects your accuracy & damage with ranged weapons and melee
   (+4).
   +Blink:    It lets you blink.
   Stlth:     It makes you more stealthy.
 F - the amulet of Summertime {Reflect Slay+3 SH+5}
   (You found it on level 22 of a ziggurat)

   [amulet of reflection]

   It reflects blocked missile attacks.
   Slay:      It affects your accuracy & damage with ranged weapons and melee
   (+3).
   SH:        It affects your SH (+5).
 G - the ring "Ebunallefot" (left hand) {EV+5 Slay+5}
   (You found it on level 21 of a ziggurat)

   [ring of evasion]

   EV:        It affects your evasion (+5).
   Slay:      It affects your accuracy & damage with ranged weapons and melee
   (+5).
 O - the ring "Emivoxtuywke" (right hand) {rC+ rN+ Will+ rCorr Int+2}
   (You found it on level 3 of the Crypt)

   [ring of positive energy]

   Int:       It affects your intelligence (+2).
   rC:        It protects you from cold.
   rN:        It protects you from negative energy.
   rCorr:     It protects you from acid and corrosion.
   Will:      It increases your willpower.
 T - the amulet of the Four Winds {rN+ Will+++ Clar}
   (You found it on level 14 of a ziggurat)

   [amulet of nothing]

   rN:        It protects you from negative energy.
   Clar:      It protects you against confusion.
   Will:      It greatly increases your willpower.
 Y - the ring "Juorch" {Drain Fly Str+10 Dex+6 SInv}
   (You found it on level 4 of the Vaults)

   [ring of dexterity]

   Str:       It affects your strength (+10).
   Dex:       It affects your dexterity (+6).
   SInv:      It lets you see invisible.
   Fly:       It grants you flight.
   Drain:     It drains your maximum health when unequipped.
Wands
 c - a wand of acid (28)
 k - a wand of digging (15)
 R - a wand of mindburst (8) (quivered)
Scrolls
 d - 19 scrolls of blinking
 h - 3 scrolls of immolation
 q - 47 scrolls of teleportation
 w - a scroll of enchant armour
 A - 10 scrolls of silence
 C - 14 scrolls of fog
 D - a scroll of brand weapon
 K - 6 scrolls of magic mapping
 M - 6 scrolls of summoning
 V - 11 scrolls of fear
Potions
 e - a potion of might
 f - 14 potions of ambrosia
 g - 7 potions of magic
 l - 30 potions of curing
 o - 6 potions of resistance
 t - 15 potions of cancellation
 B - 10 potions of haste
 J - 4 potions of mutation
 N - 2 potions of heal wounds
 P - 4 potions of invisibility
Miscellaneous
 n - a lightning rod (4/4)
 s - a condenser vane (inert)
 x - a phantom mirror
 z - a phial of floods
 S - a tin of tremorstones (1/2)


   Skills:
 O Level 27 Fighting
 + Level 25.4(27) Axes
 - Level 20.6(26.4) Maces & Flails
 - Level 5.0 Ranged Weapons
 - Level 4.3 Throwing
 + Level 26.7 Armour
 + Level 22.1 Dodging
 - Level 0.4 Stealth
 + Level 22.5 Shields
 - Level 7.0 Spellcasting
 - Level 4.4 Conjurations
 - Level 4.8 Earth Magic
 - Level 16.1 Evocations


You had 32 spell levels left.
You knew the following spells:

 Your Spells              Type           Power      Damage    Failure   Level
a - Lehudib's Crystal Sp  Conj/Erth      16%        10d5      100%        8

Your spell library contained the following spells:

 Spells                   Type           Power      Damage    Failure   Level
 Sandblast                Erth           68%        2d15      7%          1
 Magic Dart               Conj           100%       1d8       8%          1
 Foxfire                  Conj/Fire      80%        2x1d8     17%         1
 Kiss of Death            Conj/Necr      80%        2d11      17%         1
 Shock                    Conj/Air       80%        1d8       17%         1
 Stone Arrow              Conj/Erth      66%        3d11      21%         3
 Passwall                 Tmut/Erth      17%        N/A       24%         2
 Momentum Strike          Conj/Tloc      40%        3d9       26%         2
 Static Discharge         Conj/Air       40%        2-4/arc   26%         2
 Beastly Appendage        Tmut           18%        N/A       38%         1
 Necrotise                Necr           36%        1d5       38%         1
 Slow                     Hex            36%        N/A       38%         1
 Sting                    Tmut/Pois      36%        1d4       38%         1
 Summon Small Mammal      Summ           36%        N/A       38%         1
 Dazzling Flash           Conj/Hex       40%        N/A       45%         3
 Blink                    Tloc           18%        N/A       50%         2
 Call Imp                 Summ           9%         N/A       50%         2
 Poisonous Vapours        Pois/Air       18%        N/A       50%         2
 Scorch                   Fire           18%        2d6       50%         2
 Wereblood                Tmut           9%         N/A       50%         2
 Mephitic Cloud           Conj/Pois/Air  16%        N/A       54%         3
 Call Canine Familiar     Summ           9%         N/A       73%         3
 Confusing Touch          Hex            9%         N/A       73%         3
 Frozen Ramparts          Ice            18%        1d3       73%         3
 Gell's Gravitas          Tloc           9%         N/A       73%         3
 Ignite Poison            Fire/Tmut/Pois 9%         N/A       73%         3
 Inner Flame              Hex/Fire       9%         N/A       73%         3
 Kindle Blastsparks       Fire/Tloc/Air  18%        2d11      73%         3
 Lesser Beckoning         Tloc           18%        N/A       73%         3
 Ozocubu's Armour         Ice            9%         N/A       73%         3
 Portal Projectile        Hex/Tloc       18%        N/A       73%         3
 Spider Form              Tmut/Pois      9%         N/A       73%         3
 Summon Guardian Golem    Hex/Summ       9%         N/A       73%         3
 Teleport Other           Tloc           9%         N/A       73%         3
 Vampiric Draining        Necr           9%         2d6       73%         3
 Vhi's Electric Charge    Tloc/Air       18%        N/A       73%         3
 Animate Armour           Summ/Erth      42%        N/A       80%         4
 Leda's Liquefaction      Hex/Erth       10%        N/A       80%         4
 Petrify                  Tmut/Erth      21%        N/A       80%         4
 Flame Wave               Conj/Fire      20%        2d7       83%         4
 Fulminant Prism          Conj/Hex       10%        3d8       83%         4
 Iskenderun's Mystic Bla  Conj/Tloc      20%        2d6       83%         4
 Sticky Flame             Conj/Fire      20%        2d4       83%         4
 Airstrike                Air            4%         2d(1-17)  98%         4
 Anguish                  Hex/Necr       4%         N/A       98%         4
 Cause Fear               Hex            4%         N/A       98%         4
 Dispel Undead            Necr           9%         3d8       98%         4
 Ice Form                 Ice/Tmut       9%         N/A       98%         4
 Manifold Assault         Tloc           9%         N/A       98%         4
 Olgreb's Toxic Radiance  Pois           9%         N/A       98%         4
 Passage of Golubria      Tloc           9%         N/A       98%         4
 Summon Ice Beast         Ice/Summ       9%         N/A       98%         4
 Summon Lightning Spire   Summ/Air       9%         N/A       98%         4
 Borgnjor's Vile Clutch   Necr/Erth      10%        N/A       98%         5
 Arcjolt                  Conj/Air       10%        1d20      99%         5
 Fireball                 Conj/Fire      10%        3d6       99%         5
 Freezing Cloud           Conj/Ice/Air   8%         6-21      99%         5
 Irradiate                Conj/Tmut      10%        3d15      99%         5
 Lightning Bolt           Conj/Air       10%        1d23      99%         5
 Agony                    Necr           9%         N/A       100%        5
 Blade Hands              Tmut           4%         N/A       100%        5
 Metabolic Englaciation   Hex/Ice        4%         N/A       100%        5
 Silence                  Hex/Air        4%         N/A       100%        5
 Summon Mana Viper        Hex/Summ       9%         N/A       100%        5
 Yara's Violent Unravell  Hex/Tmut       4%         3d4       100%        5
 Conjure Ball Lightning   Conj/Air       10%        3x3d6     100%        6
 Death Channel            Necr           4%         N/A       100%        6
 Dispersal                Tloc           4%         N/A       100%        6
 Eringya's Noxious Bog    Tmut/Pois      4%         N/A       100%        6
 Iron Shot                Conj/Erth      16%        9d4       100%        6
 Starburst                Conj/Fire      10%        6d5       100%        6
 Summon Cactus Giant      Summ           4%         N/A       100%        6
 Dragon Form              Tmut           4%         N/A       100%        7
 Enfeeble                 Hex            4%         N/A       100%        7
 Haunt                    Necr/Summ      4%         N/A       100%        7
 Malign Gateway           Summ/Tloc      4%         N/A       100%        7
 Monstrous Menagerie      Summ           4%         N/A       100%        7
 Orb of Destruction       Conj           15%        9d7       100%        7
 Ozocubu's Refrigeration  Ice            4%         4d8       100%        7
 Spellforged Servitor     Conj/Summ      10%        N/A       100%        7
 Storm Form               Tmut/Air       4%         N/A       100%        7
 Discord                  Hex            4%         N/A       100%        8
 Disjunction              Tloc           4%         N/A       100%        8
 Ignition                 Fire           4%         3d4       100%        8
 Infestation              Necr           4%         N/A       100%        8
 Necromutation            Tmut/Necr      4%         N/A       100%        8
 Summon Horrible Things   Summ           4%         N/A       100%        8
 Chain Lightning          Conj/Air       10%        3d13      100%        9
 Polar Vortex             Ice            4%         N/A       100%        9
 Shatter                  Erth           17%        3d16*     100%        9
 Cigotuvi's Dreadful Rot  Necr/Pois/Air  Unusable   N/A       N/A         2
 Sublimation of Blood     Necr           Unusable   N/A       N/A         2
 Animate Dead             Necr           Unusable   N/A       N/A         4
 Simulacrum               Ice/Necr       Unusable   N/A       N/A         6
 Statue Form              Tmut/Erth      Unusable   N/A       N/A         6

Dungeon Overview and Level Annotations

Branches:
Dungeon (15/15)            Temple (1/1) D:4            Lair (5/5) D:9
 Shoals (4/4) Lair:3       Spider (4/4) Lair:3        Slime (5/5) Lair:5
    Orc (2/2) D:9             Elf (3/3) Orc:2        Vaults (5/5) D:13
  Crypt (3/3) Vaults:2       Tomb (1/3) Crypt:3      Depths (4/4) D:15
   Hell (visited)             Dis (0/7) Hell            Geh (7/7) Hell
    Coc (0/7) Hell            Tar (0/7) Hell            Zot (5/5) Depths:4
  Sewer (visited)         Gauntlet (visited)

Altars:
Ashenzari
Cheibriados
Dithmenos
Elyvilon
Fedhas
Gozag
Hepliaklqana
Kikubaaqudgha
Makhleb
Nemelex Xobeh
Okawaru
Qazlal
Ru
Sif Muna
Trog
Uskayaw
Vehumet
Wu Jian
Xom
Yredelemnul
Zin
The Shining One
Jiyva

Shops:
D:13 *   Orc:1 [   Orc:2 [[*(=   Elf:1 (   Elf:3 *(=*   Lair:3 (   Shoals:2 :
Shoals:4 *   Spider:4 ?   Vaults:1 [   Vaults:5 [   Crypt:2 (   Zot:1 *
Depths:2 :=:[   Depths:3 (

Portals:
Hell: Depths:1 Depths:2 Depths:3 Depths:4
Abyss: Depths:1 Depths:2 Depths:3
Pandemonium: Depths:2
Trove: D:12 (give +3 gold dragon scales)

Annotations:
D:4 2 transporters, bmack86's ghost, amateur MiFi


Innate Abilities, Weirdness & Mutations

You are immune to sickness and miasma.
Your stone body is resilient. (AC +20)
You are immune to poison.
Your large and strong wings let you fly.
You resist negative energy. (rN+)
You are resistant to electric shocks. (rElec)
You are resistant to unholy torment.
You are immune to petrification.
You are partially covered in iridescent scales. (AC +2)
Your flesh is heat resistant. (rF+)
You have an increased reservoir of magic. (+10% MP)
Your spells are a little harder to cast, but a little more powerful.


Message History

The Hell Sentinel is engulfed in acidic fog.
The Hell Sentinel seems to be corroded for longer.
The Hell Sentinel roars! x2
You cut the Hell Sentinel into ribbons!!!
The Hell Sentinel is no longer distracted by gold.
The Hell Sentinel is heavily wounded.
You slice the Hell Sentinel!!
The Hell Sentinel is no longer distracted by gold.
You hear a shout!
The iron golem is no longer distracted by gold. x2
The iron golem is engulfed in acidic fog. x2
The iron golem seems to be corroded for longer.
The iron golem is engulfed in acidic fog.
The iron golem seems to be corroded for longer.
You hit the Hell Sentinel.
The Hell Sentinel is heavily wounded.
You slash the Hell Sentinel!
The iron giant is no longer distracted by gold.
The iron golem is no longer distracted by gold.
The Hell Sentinel is engulfed in acidic fog.
The Hell Sentinel seems to be corroded for longer.
The Hell Sentinel is engulfed in acidic fog.
The Hell Sentinel seems to be corroded for longer.
The Hell Sentinel hits you but does no damage.
You block the Hell Sentinel's attack.
The Hell Sentinel is engulfed in acidic fog.
The Hell Sentinel seems to be corroded for longer.
The Hell Sentinel gestures at you.
The sphere of damnation explodes!
The damnation engulfs you!
* * * LOW HITPOINT WARNING * * *
The damnation engulfs the Hell Sentinel.
The Hell Sentinel completely resists.
The damnation engulfs the Hell Sentinel.
The Hell Sentinel completely resists.
The iron giant is engulfed in acidic fog.
The iron giant seems to be corroded for longer.
The iron giant fires a harpoon shot at you.
The harpoon shot hits you!!
You die...
Your body crumbles into a pile of gold.

▓▓▓▓▓▓▓ ........
........ ........
.....§§. ....§§§.
....§§C§▓▓▓▓▓▓▓▓▓▓▓▓▓
...§§#§#1§§.........▓
.....§#@§§§.........▓
....9#§#1§§.........▓
....CC91§§..........▓
..§9z999§§..........▓
.§9§§§§.............▓
§§§§§§§............∩▓
§§..................▓
§§..§.§.............▓
....................▓


You could see 4 iron golems, 3 iron giants, 2 Hell Sentinels, an ancient
champion and a war gargoyle (corroded).

Vanquished Creatures
  Asmodeus (Geh:7)
  the Royal Jelly (Slime:5)
  Dissolution (Slime:5)
  the Serpent of Hell (Geh:7)
  5 dread liches
  7 orbs of fire
  Mennas (Vaults:5)
  10 ancient liches
  3 juggernauts
  9 pandemonium lords
  Josephina (Zot:2)
  5 royal mummies
  Vv (Crypt:3)
  Boris (4 times) (Vaults:3 Depths:3 Crypt:2 Tomb:1)
  2 shard shrikes (Zig:16)
  12 Killer Klowns
  9 caustic shrikes
  2 curse toes
  Geryon (Hell)
  11 golden dragons
  4 bone dragons
  2 doom hounds (Depths:4)
  3 electric golems (Zot:5)
  8 Brimstone Fiends
  6 liches
  6 hellephants
  2 iron giants (Zig:24)
  Jorgrun (Spider:1)
  2 deep elf master archers (Elf:3)
  A Hell Sentinel (Zig:12)
  6 Ice Fiends
  22 tentacled monstrosities
  25 Orb Guardians (Zot:5)
  3 deep elf blademasters
  17 searing wretches
  A walking frostbound tome (Depths:3)
  6 titans (Vaults:5)
  11 quicksilver dragons
  10 sphinxes
  Grunn (Depths:4)
  The ghost of Eczaz the Spry, an adept DEHW of Sif Muna (Vaults:4)
  19 ancient champions
  2 krakens
  Gastronok (Lair:2)
  22 acid blobs
  3 Executioners
  5 tentacled starspawn (Abyss:5)
  7 death cobs
  Kirke (Spider:1)
  11 shadow dragons
  A shadow dragon (shapeshifter) (Zig:17)
  The ghost of Jiddual the Unseen, an adept NaFE of Vehumet (Spider:2)
  Agnes (Spider:2)
  3 thorn hunters (Zig:18)
  6 tengu reavers
  11 revenants
  Ilsuiw (Shoals:3)
  7 storm dragons
  13 draconian monks
  Roxanne (Elf:1)
  2 fenstrider witches (shapeshifter) (Zig:17)
  17 nagarajas
  17 rockslimes
  9 draconian knights
  2 fenstrider witches
  11 azure jellies
  12 deep elf sorcerers
  An emperor scorpion (shapeshifter) (Zig:17)
  A demonspawn warmonger (Zig:12)
  2 emperor scorpions
  6 narguns (Zig:16)
  18 fire giants
  3 ghost moths
  14 frost giants
  A quicksilver elemental (Zig:24)
  19 vault wardens
  6 curse skulls
  9 draconian scorchers
  11 draconian stormcallers
  6 ghouls
  17 draconian shifters
  19 balrugs
  6 demonspawn blood saints (Zig:23)
  4 orc warlords
  4 draconian annihilators
  5 iron dragons
  A broodmother (Spider:2)
  21 ironbound preservers
  6 quicksilver oozes
  A demonspawn corrupter (Zig:12)
  7 war gargoyles
  2 deep elf elementalists (Elf:3)
  5 reapers
  A caustic shrike skeleton (Tomb:1)
  5 spriggan defenders
  A juggernaut skeleton (Zig:11)
  8 ironbound thunderhulks
  31 very ugly things
  A bunyip (Zig:8)
  11 stone giants
  5 deep elf demonologists (Elf:3)
  18 vampire knights
  An eleionoma (shapeshifter) (Vaults:5)
  A lorocyproca (Hell)
  4 eleionomae
  2 bennus (Tomb:1)
  23 dire elephants
  10 deep elf annihilators
  10 black draconians
  14 green draconians
  14 yellow draconians
  12 white draconians
  A demonspawn black sun (Zig:12)
  14 spark wasps
  15 red draconians
  19 purple draconians
  5 wendigos (Zig:16)
  A minotaur (Gauntlet)
  13 eidola
  A green death (Zig:5)
  9 deep elf death magi
  14 merfolk impalers
  5 ettins
  6 merfolk javelineers
  6 crystal guardians
  20 yaktaur captains
  Snorg (D:11)
  2 shambling mangroves (Zig:18)
  14 fire dragons
  5 blizzard demons
  4 deep elf high priests
  7 mummy priests
  A kraken zombie (Hell)
  6 jiangshi
  6 entropy weavers
  13 great orbs of eyes
  The ghost of drugrobin the Martial Artist, a journeyman DgDe (D:10)
  4 peacekeepers
  3 hell beasts
  36 vault guards
  A fenstrider witch zombie (Crypt:2)
  12 ice dragons
  A ghost crab (Gauntlet)
  3 ogre magi
  2 rakshasas
  12 hydras
  11 stokers
  23 salamander tyrants
  6 spriggan air magi
  10 boulder beetles
  8 merfolk avatars
  11 ironbound frosthearts
  3 two-headed ogres
  30 dancing weapons
  5 death yaks
  3 satyrs
  5 radroaches
  2 alligator snapping turtles
  A spriggan skeleton (Crypt:3)
  An anaconda (Zig:21)
  3 tengu warriors
  9 centaur warriors
  14 death scarabs
  6 merfolk aquamancers
  3 naga warriors (Zig:21)
  3 alligators
  11 vampire magi
  8 deep troll earth magi
  18 hell hogs
  5 deep troll shamans
  8 orc high priests
  6 spriggan berserkers
  2 shock serpents (Zig:21)
  A naga sharpshooter (Zig:21)
  3 thrashing horrors
  20 hell knights
  A crystal echidna (Zig:24)
  6 wretched stars
  18 deep elf knights
  6 salamander mystics
  9 soul eaters
  A titan skeleton (Crypt:2)
  A sixfirhy (Zig:12)
  6 pharaoh ants
  15 iron trolls
  33 skeletal warriors
  4 shadow wraiths
  A spatial maelstrom (Zig:14)
  10 sun demons (Hell)
  A fire crab (Zig:15)
  A fire crab (shapeshifter) (Zig:17)
  A bunyip zombie (Crypt:1)
  A goliath frog (Zig:8)
  15 sea snakes
  A spectral anaconda (Lair:5)
  A death drake (Zig:18)
  44 deep trolls
  An iron giant zombie (Crypt:2)
  5 spriggan druids
  6 swamp dragons
  2 shadow demons (Zig:12)
  8 deep elf archers
  A golden dragon zombie (Zig:11)
  6 flayed ghosts
  6 orb spiders
  An obsidian statue (Lair:5)
  3 lindwurms (Vaults:1)
  2 naga ritualists (Zig:21)
  7 orc knights
  11 wizards
  18 phantasmal warriors
  3 glowing orange brains
  21 deep elf zephyrmancers
  2 bog bodies
  7 steelbarb worms
  A steelbarb worm (shapeshifter) (Elf:3)
  2 sphinx zombies
  15 ironbound convokers
  A shadow dragon skeleton (Crypt:1)
  A stone giant zombie (Vaults:2)
  13 orc sorcerers
  28 deep elf pyromancers
  An oklob plant (Lair:5)
  A tengu zombie (Vaults:2)
  17 necromancers
  28 harpies
  8 wolf spiders
  3 human zombies
  A shining eye (shapeshifter) (Vaults:5)
  17 manticores
  19 fauns
  A salamander (Depths:2)
  2 mana vipers
  A wolf spider (shapeshifter) (D:15)
  A frost giant zombie (Crypt:2)
  6 shining eyes
  12 cyclopes
  A will-o-the-wisp (Zig:18)
  26 moths of wrath
  51 ugly things
  12 black mambas
  6 human skeletons
  8 merfolk sirens
  3 stone giant skeletons
  A moth of wrath (shapeshifter) (Vaults:5)
  17 water nymphs
  2 dire elephant zombies (Lair:5)
  4 guardian serpents (Zig:21)
  2 apocalypse crabs (Zig:17)
  A cane toad (shapeshifter) (Vaults:5)
  An eye of devastation (Zig:7)
  8 naga magi
  A frost giant skeleton (Vaults:3)
  23 elephants
  12 smoke demons
  12 demonic crawlers
  22 vault sentinels
  An alligator snapping turtle zombie (Crypt:1)
  5 rust devils (Hell)
  10 molten gargoyles
  An orange demon (Zig:5)
  2 storm dragon simulacra (Zot:2)
  12 cane toads
  2 unseen horrors
  6 torpor snails
  An orb spider zombie (Crypt:1)
  5 komodo dragons
  3 rime drakes
  A tengu conjurer (D:12)
  2 efreet (Zig:15)
  18 hellions
  A sea snake zombie (Hell)
  A rime drake (shapeshifter) (Vaults:5)
  4 freezing wraiths
  29 yaktaurs
  11 tormentors
  15 guardian mummies
  A golden dragon simulacrum (Zig:16)
  7 ice devils (Hell)
  3 ancient zymes
  11 trolls
  2 harpy zombies
  56 merfolk
  A queen bee (Spider:1)
  A shadow dragon simulacrum (Zot:2)
  2 hydra zombies (Hell)
  3 red devils (Hell)
  A tyrant leech (Zig:18)
  A bloated husk (Zig:18)
  10 meliai
  3 polar bears
  15 blink frogs
  A hellwing (Zig:1)
  11 tarantellas
  10 wind drakes
  Grinder (Sewer)
  A tengu simulacrum (Vaults:4)
  A harpy skeleton (Tomb:1)
  An alligator zombie (Crypt:1)
  19 hornets
  A spectral elephant (Lair:5)
  5 raiju
  A tarantella zombie (Crypt:2)
  A satyr zombie (Crypt:1)
  A boulder beetle zombie (Crypt:3)
  An elf zombie (Vaults:4)
  132 slime creatures
  22 dream sheep
  6 flying skulls
  11 snapping turtles
  An ettin zombie (Vaults:2)
  24 jumping spiders
  Sigmund (D:5)
  16 culicivoras
  14 spriggans
  A vampire (Zig:14)
  5 wraiths
  A shadow (D:11)
  27 water elementals
  12 large abominations
  4 air elementals
  A hog (shapeshifter) (D:15)
  6 basilisks
  3 ynoxinuls
  11 fire elementals
  A hog (Spider:1)
  8 wyverns
  32 starcursed masses
  23 yaks
  7 ushabtiu
  A fire bat (Abyss:5)
  16 golden eyes
  2 golden eyes (shapeshifter)
  52 redbacks
  11 vampire mosquitoes
  A steam dragon (D:7)
  5 neqoxecs
  2 chaos spawn
  A faun zombie (Crypt:2)
  A red draconian simulacrum (Zot:2)
  Menkaure (D:5)
  A naga (Zig:21)
  2 wind drake skeletons
  6 wargs
  13 water moccasins
  An acid dragon (D:11)
  4 hell hounds (Zig:15)
  A merfolk skeleton (Crypt:2)
  6 hydra simulacra (Depths:2)
  A swamp dragon zombie (Crypt:3)
  2 black bears (D:5)
  An ice beast (shapeshifter) (Vaults:4)
  38 orc warriors
  3 sky beasts
  A glowing shapeshifter skeleton (Vaults:4)
  5 ice beasts
  3 elephant zombies (Lair:5)
  19 centaurs
  12 ogres
  An elephant skeleton (Lair:5)
  4 wolves (Lair:2)
  A manticore skeleton (Crypt:1)
  A small abomination (Abyss:5)
  2 kobold brigands
  A phantom (Sewer)
  A rime drake zombie (Crypt:3)
  A salamander zombie (Crypt:2)
  12 bullfrogs
  4 earth elementals
  A gnoll sergeant (D:8)
  4 necrophages
  2 scorpions
  A cyclops zombie (Crypt:3)
  6 wights
  12 killer bees
  A shapeshifter skeleton (Crypt:3)
  4 electric eels
  2 howler monkeys (D:6)
  6 crimson imps
  6 orc priests
  3 hounds
  3 jellies
  4 iguanas
  Terence (D:2)
  A basilisk skeleton (Crypt:2)
  A scorpion zombie (Crypt:1)
  16 orc wizards
  A hell rat (D:9)
  An ogre skeleton (Crypt:3)
  23 mummies
  Robin (D:3)
  5 adders
  7 gnolls
  6 shadow imps
  A swamp drake skeleton (Crypt:3)
  2 white imps (D:7)
  An ufetubus (D:6)
  11 worms
  3 dart slugs
  58 orcs
  6 bats
  A bat zombie (Sewer)
  4 endoplasms
  7 giant cockroaches
  16 hobgoblins
  5 quokkas
  8 ball pythons
  3 frilled lizards
  19 goblins
  28 kobolds
  2 kobold zombies (Sewer)
  6 rats
  A river rat skeleton (Crypt:3)
  4 creeping infernos
  23 fire vortices
  7 starspawn tentacles (Abyss:5)
  5 tentacles
  2 withered plants (Lair:5)
3210 creatures vanquished.

Vanquished Creatures (collateral kills)
  A wolf spider (Spider:3)
1 creature vanquished.

Vanquished Creatures (others)
  2 ancient liches
  A golden dragon (Zot:5)
  A tentacled monstrosity (Zig:18)
  2 draconian knights
  A war gargoyle (Vaults:5)
  A fire dragon (Zig:15)
  2 deep elf knights
  A salamander mystic (Zig:23)
  A deep elf pyromancer (Elf:2)
  A moth of wrath (Zot:5)
  A black mamba (Zig:21)
  A hellion (Geh:7)
  A tormentor (Geh:5)
  A bloated husk (Zig:18)
  A hornet (Zig:18)
  A spriggan (Zig:18)
  A ynoxinul (Zig:12)
  An ogre (Zig:10)
  An orc (Orc:1)
  3 briar patches (Zig:18)
  6 creeping infernos
  3 fire vortices
  10 foxfires (Zig:18)
  29 fungi
  120 plants
  9 starspawn tentacles (Abyss:5)
  23 tentacles
  31 withered plants
256 creatures vanquished.

Grand Total: 3467 creatures vanquished

Notes
Turn   | Place    | Note
-------+----------+-------------------------------------------
     0 | D:1      | rocky1 the Gargoyle Fighter began the quest for the Orb.
     0 | D:1      | Reached XP level 1. HP: 14/14 MP: 1/1
   149 | D:1      | Reached XP level 2. HP: 19/19 MP: 2/2
   169 | D:1      | Upgraded the game from 0.30-a0-553-g7fabdf1491 to
                  | 0.30-a0-557-ge2afbf3030
   447 | D:1      | Reached XP level 3. HP: 23/23 MP: 3/3
  1175 | D:2      | Noticed Terence
  1190 | D:2      | Killed Terence
  1191 | D:2      | Reached XP level 4. HP: 21/29 MP: 4/4
  1767 | D:3      | Noticed Robin
  1781 | D:3      | Reached XP level 5. HP: 24/33 MP: 5/5
  1808 | D:3      | Reached skill level 4 in Fighting
  1827 | D:3      | Killed Robin
  1874 | D:3      | Found a transporter.
  1875 | D:3      | Found a sacrificial altar of Ru.
  1879 | D:3      | Found a transporter.
  2517 | D:4      | Found a glowing drain.
  2526 | Sewer    | Entered a sewer
  2694 | Sewer    | Found an ancient bone altar of Kikubaaqudgha.
  2694 | Sewer    | Noticed a kobold brigand
  2712 | Sewer    | Noticed a phantom
  2717 | Sewer    | Killed a kobold brigand
  2718 | Sewer    | Reached skill level 5 in Maces & Flails
  2718 | Sewer    | Reached XP level 6. HP: 37/38 MP: 6/6
  2723 | Sewer    | Noticed Grinder
  2758 | Sewer    | Killed Grinder
  2759 | Sewer    | Reached XP level 7. HP: 39/44 MP: 7/7
  3178 | D:4      | Found a shimmering altar of Xom.
  3293 | D:4      | Found a transporter.
  3299 | D:4      | Noticed bmack86's ghost (amateur MiFi)
  3363 | D:4      | Found a transporter.
  3384 | D:4      | Found a staircase to the Ecumenical Temple.
  3398 | Temple   | Entered the Ecumenical Temple
  3576 | D:4      | Identified the +7 short sword of Luse {heavy, Fly}
  3805 | D:5      | Entered Level 5 of the Dungeon
  3824 | D:5      | Noticed Menkaure
  3832 | D:5      | Killed Menkaure
  3833 | D:5      | Reached XP level 8. HP: 33/48 MP: 8/8
  3979 | D:5      | Reached skill level 5 in Fighting
  4160 | D:5      | Upgraded the game from 0.30-a0-557-ge2afbf3030 to
                  | 0.30-a0-576-g89cddaab80
  4208 | D:5      | Identified the +5 rapier of Vengeance {heavy, Dex+5}
  4385 | D:5      | Got the Directory of the Morbid Wind
  4398 | D:5      | Reached skill level 5 in Shields
  4540 | D:5      | Noticed Sigmund
  5018 | D:6      | Found an opulent altar of Gozag.
  5030 | D:6      | Became a worshipper of Gozag Ym Sagoz the Greedy
  5126 | D:6      | Noticed a yak
  5127 | D:6      | Noticed a yak
  5127 | D:6      | Noticed a yak
  5127 | D:6      | Noticed a yak
  5128 | D:6      | Noticed a yak
  5128 | D:6      | Noticed a yak
  5237 | D:6      | Killed a yak
  5238 | D:6      | Reached skill level 6 in Fighting
  5238 | D:6      | Reached XP level 9. HP: 45/55 MP: 9/9
  5274 | D:6      | Reached skill level 10 in Maces & Flails
  5287 | D:6      | Found an iron altar of Okawaru.
  5305 | D:6      | Reached skill level 7 in Fighting
  5433 | D:6      | Found a broken altar of Ashenzari.
  5600 | D:6      | Found a shimmering blue altar of Sif Muna.
  5892 | D:5      | Killed Sigmund
  5956 | D:5      | Identified the +9 war axe of the Valley of Death {elec,
                  | rPois Dex+2}
  6197 | D:7      | Reached XP level 10. HP: 42/63 MP: 10/10
  6449 | D:7      | Found a basalt altar of Yredelemnul.
  6544 | D:7      | Reached skill level 8 in Fighting
  6821 | D:7      | Found an ornate altar of the Wu Jian Council.
  7029 | D:7      | Found a hazy altar of Hepliaklqana.
  7176 | D:8      | Found a radiant altar of Vehumet.
  7397 | D:8      | Found a blossoming altar of Fedhas.
  7505 | D:8      | Found a bloodstained altar of Trog.
  8156 | D:9      | Found a burning altar of Makhleb.
  8235 | D:9      | Found a staircase to the Orcish Mines.
  8259 | D:9      | Noticed a death yak
  8259 | D:9      | Noticed a death yak
  8268 | D:9      | Noticed a death yak
  8271 | D:9      | Killed a death yak
  8287 | D:10     | Entered Level 10 of the Dungeon
  8291 | D:10     | Killed a death yak
  8292 | D:10     | Reached skill level 9 in Fighting
  8485 | D:9      | Killed a death yak
  8486 | D:9      | Reached XP level 11. HP: 59/71 MP: 11/11
  8564 | D:9      | Found a staircase to the Lair.
  8913 | Lair:1   | Entered Level 1 of the Lair of Beasts
  9354 | Lair:1   | Found a gate leading to a gauntlet.
  9365 | Gauntlet | Entered a Gauntlet
  9365 | Gauntlet | Found a transporter.
  9365 | Gauntlet | Found a transporter.
  9379 | Gauntlet | Found a transporter.
  9400 | Gauntlet | Found a transporter.
  9401 | Gauntlet | Found a transporter.
  9401 | Gauntlet | Noticed a ghost crab
  9406 | Gauntlet | Found a transporter.
  9406 | Gauntlet | Found a transporter.
  9407 | Gauntlet | Found a transporter.
  9408 | Gauntlet | Noticed a death drake
  9423 | Gauntlet | Found a transporter.
  9439 | Gauntlet | Found a runed translucent door.
  9440 | Gauntlet | Found a transporter.
  9441 | Gauntlet | Found a runed translucent door.
  9447 | Gauntlet | Noticed a ghost crab
  9448 | Gauntlet | Found a runed translucent door.
  9450 | Gauntlet | Found a transporter.
  9452 | Gauntlet | Found a runed translucent door.
  9485 | Gauntlet | Found a transporter.
  9536 | Gauntlet | Found a transporter.
  9537 | Gauntlet | Found a runed translucent door.
  9553 | Gauntlet | Found a transporter.
  9729 | Gauntlet | Killed a ghost crab
  9754 | Gauntlet | Identified the amulet "Ilasuica" {Spirit Will+ Str+4 SInv}
  9878 | Gauntlet | Reached skill level 10 in Fighting
 10144 | Gauntlet | Noticed a minotaur
 10156 | Gauntlet | Killed a minotaur
 10157 | Gauntlet | Reached skill level 10 in Shields
 10527 | Lair:1   | Gained mutation: You are strong-willed. (Will+) [potion of
                  | mutation]
 10527 | Lair:1   | Lost mutation: You are strong-willed. (Will+) [potion of
                  | mutation]
 10527 | Lair:1   | Gained mutation: You are agile. (Dex +4, Str/Int -1)
                  | [potion of mutation]
 10616 | Lair:2   | Reached XP level 12. HP: 57/78 MP: 9/12
 11053 | Lair:2   | Noticed a five-headed hydra
 11088 | Lair:2   | Killed a five-headed hydra
 11248 | Lair:2   | Reached skill level 11 in Fighting
 11503 | Lair:2   | Noticed Gastronok
 11514 | Lair:2   | Killed Gastronok
 11515 | Lair:2   | Reached skill level 15 in Maces & Flails
 12338 | Lair:3   | Found a staircase to the Shoals.
 12419 | Lair:3   | Found a hole to the Spider Nest.
 12449 | Lair:3   | Upgraded the game from 0.30-a0-576-g89cddaab80 to
                  | 0.30-a0-578-gdee14c521f
 12476 | Lair:3   | Found the +7 captain's cutlass {speed, disarm}
 12615 | Lair:3   | Reached skill level 1 in Evocations
 12870 | Lair:3   | Reached XP level 13. HP: 72/85 MP: 11/13
 13756 | Lair:3   | Bought a runed morningstar for 196 gold pieces
 14056 | Lair:4   | Reached skill level 12 in Fighting
 14513 | Lair:5   | Entered Level 5 of the Lair of Beasts
 14959 | Lair:5   | Found an opulent altar of Gozag.
 15319 | Lair:5   | Found a staircase to the Slime Pits.
 15431 | Lair:5   | Noticed a dire elephant
 15431 | Lair:5   | Noticed a dire elephant
 15431 | Lair:5   | Noticed a dire elephant
 15431 | Lair:5   | Noticed a dire elephant
 15551 | Lair:5   | Found the +6 Majin-Bo {vamp, MP+6 Int+6}
 16010 | Lair:5   | Reached skill level 1 in Axes
 16083 | Lair:5   | Reached skill level 1 in Dodging
 16093 | Lair:5   | Gained mutation: Your large and strong wings let you fly.
                  | [Gargoyle growth]
 16093 | Lair:5   | Reached XP level 14. HP: 63/92 MP: 9/14
 16686 | Lair:5   | Reached skill level 5 in Evocations
 16829 | Lair:5   | Killed a dire elephant
 16883 | Lair:5   | Killed a dire elephant
 16884 | Lair:5   | Reached skill level 13 in Fighting
 16890 | Lair:5   | Killed a dire elephant
 17142 | Lair:5   | Identified the +2 robe of the Blind Marksman {Str+2 Dex-4
                  | Slay+2 Stlth+}
 17260 | Lair:5   | Killed a dire elephant
 17792 | Orc:1    | Entered Level 1 of the Orcish Mines
 17803 | Orc:2    | Entered Level 2 of the Orcish Mines
 17982 | Orc:1    | Reached skill level 5 in Armour
 18180 | Orc:1    | Found Nacinkie's Armour Emporium.
 18671 | Orc:2    | Noticed an orc warlord
 19792 | Orc:2    | Killed an orc warlord
 19828 | Orc:2    | Found Rohug's Antique Weapon Shoppe.
 20004 | Orc:2    | Noticed an orc warlord
 20016 | Orc:2    | Killed an orc warlord
 20036 | Orc:2    | Found a staircase to the Elven Halls.
 20041 | Orc:2    | Found Lavept's Jewellery Shoppe.
 20153 | Orc:2    | Found Nigize's General Store.
 20161 | Orc:2    | Bought a scroll of blinking for 105 gold pieces
 20161 | Orc:2    | Bought a scroll of poison for 56 gold pieces
 20338 | Orc:2    | Found Wumaubbena's Antique Armour Boutique.
 20560 | Orc:2    | Bought a buzzing ring mail for 225 gold pieces
 20560 | Orc:2    | Identified the +1 ring mail of Follow the Leader {rN+ rCorr
                  | MP+9} (You bought it in a shop on level 2 of the Orcish
                  | Mines)
 20560 | Orc:2    | Bought a scorched plate armour for 700 gold pieces
 20560 | Orc:2    | Identified the +0 plate armour "Feyfoi" {-Tele rN++ Will+
                  | Str-5} (You bought it in a shop on level 2 of the Orcish
                  | Mines)
 20888 | Elf:1    | Entered Level 1 of the Elven Halls
 21064 | Elf:1    | Paralysed by an air elemental for 1 turns
 21138 | Elf:1    | Noticed a deep elf annihilator
 21138 | Elf:1    | Noticed a deep elf annihilator
 21161 | Elf:1    | Killed a deep elf annihilator
 21162 | Elf:1    | Reached XP level 15. HP: 77/100 MP: 11/15
 21379 | Elf:1    | Reached skill level 5 in Axes
 21712 | Elf:1    | Identified Roxanne's Omnibus of Shapeshifting
 21712 | Elf:1    | Noticed Roxanne
 21719 | Elf:1    | Reached skill level 14 in Fighting
 21744 | Elf:1    | Killed Roxanne
 22213 | Elf:1    | Reached skill level 5 in Dodging
 22361 | Elf:1    | Bought a polished flail for 204 gold pieces
 22361 | Elf:1    | Identified the +8 flail of Qifu {freeze, rF+ rN+ Str-4}
                  | (You bought it in a shop on level 1 of the Elven Halls)
 22952 | Elf:2    | Upgraded the game from 0.30-a0-578-gdee14c521f to
                  | 0.30-a0-585-g93115170b9
 23017 | Elf:2    | Paralysed by an air elemental for 1 turns
 23523 | Elf:2    | Found a runed translucent gate.
 23524 | Elf:2    | Found a runed translucent gate.
 23524 | Elf:2    | Found a runed translucent gate.
 23822 | Elf:2    | Noticed a deep elf blademaster
 23848 | Elf:2    | Killed a deep elf blademaster
 24593 | Elf:2    | Reached XP level 16. HP: 107/107 MP: 16/16
 25463 | Elf:2    | Reached skill level 15 in Fighting
 25851 | Elf:3    | Entered Level 3 of the Elven Halls
 25896 | Elf:3    | Found Hept's Antique Weapon Emporium.
 25923 | Elf:3    | Bought a runed demon whip for 756 gold pieces
 26065 | Elf:3    | Found Ommeschue's General Store.
 26088 | Elf:3    | Paralysed by an air elemental for 1 turns
 26414 | Elf:3    | Identified the +10 long sword of the Several Bounties
                  | {vamp, +Blink rElec rF- SInv}
 26656 | Elf:3    | Found Xach's Jewellery Shoppe.
 26840 | Elf:3    | Paralysed by an air elemental for 1 turns
 26943 | Elf:3    | Found Esuid's General Store.
 26953 | Elf:3    | Bought a scroll of blinking for 142 gold pieces
 26953 | Elf:3    | Bought a potion of heal wounds for 95 gold pieces
 27115 | Elf:3    | Noticed a deep elf blademaster
 27126 | Elf:3    | Killed a deep elf blademaster
 27140 | Elf:3    | Identified the +2 robe "Zepidizi" {Str+4}
 27140 | Elf:3    | Noticed a deep elf master archer
 27155 | Elf:3    | Killed a deep elf master archer
 27156 | Elf:3    | Reached skill level 10 in Armour
 27196 | Elf:3    | Noticed a deep elf blademaster
 27210 | Elf:3    | Killed a deep elf blademaster
 27479 | Elf:3    | Identified the amulet "Omux" {RegenMP rElec}
 27486 | Elf:3    | Identified the +3 leather armour "Tehaapeg" {Int+6}
 27500 | Elf:3    | Identified the +5 morningstar of Malaise {flame, rC+ rN++
                  | Int-5 Dex+3}
 27500 | Elf:3    | Identified the +10 ice dragon scales of Bonask {rF- rC++
                  | rN+ rCorr Str-4 Dex+7}
 27726 | Elf:3    | Reached XP level 17. HP: 85/114 MP: 12/17
 27779 | Elf:3    | Noticed a deep elf master archer
 27785 | Elf:3    | Killed a deep elf master archer
 28105 | Elf:3    | Got the Papyrus of Syndicalism
 28117 | Elf:3    | Got the Verses on Beguiling and the Salamander
 28151 | Elf:3    | Got Roxanne's Tome of Excavation and the Switch
 28480 | D:10     | Found a glowing silver altar of Zin.
 28537 | D:10     | Identified the +2 scale mail of Sufficient Beauty {MP+9
                  | Str+4 Dex+3}
 28714 | D:10     | Found a large runed translucent door.
 28714 | D:10     | Found a large runed translucent door.
 28716 | D:10     | Noticed drugrobin's ghost (journeyman DgDe)
 28733 | D:10     | Killed drugrobin's ghost
 28784 | D:10     | Found the amulet of the Air {Inacc Air Fly rElec RMsl}
 29001 | D:10     | Found a shadowy altar of Dithmenos.
 29160 | D:11     | Noticed Snorg
 29168 | D:11     | Killed Snorg
 29999 | D:11     | Reached skill level 16 in Fighting
 30030 | D:12     | Reached skill level 10 in Evocations
 30235 | D:12     | Found a portal to a secret trove of treasure.
 31780 | D:13     | Found Kerch's CLEARANCE SALE!.
 31787 | D:13     | Bought a potion of haste for 40 gold pieces
 32106 | D:13     | Found a gate to the Vaults.
 33155 | D:14     | Identified the ring of Yquge {Drain Will+ rCorr Str+4}
 33274 | D:14     | Identified the +5 trident of Internal Strife {freeze, rN+
                  | Str-3 Int+5}
 33566 | D:14     | Reached skill level 17 in Fighting
 33968 | D:15     | Entered Level 15 of the Dungeon
 34266 | D:15     | Found a staircase to the Depths.
 34606 | D:15     | Found an opulent altar of Gozag.
 34927 | Depths:1 | Entered Level 1 of the Depths
 34957 | D:15     | Reached XP level 18. HP: 120/124 MP: 18/18
 35048 | Depths:1 | Found a shimmering altar of Xom.
 35138 | Depths:1 | Found a one-way gate to the infinite horrors of the Abyss.
 35335 | Depths:1 | Reached skill level 18 in Fighting
 35628 | Depths:1 | Found a gateway to Hell.
 36712 | Depths:2 | Found a one-way gateway to a ziggurat.
 36925 | Depths:2 | Reached skill level 19 in Fighting
 37319 | Depths:2 | Found a one-way gate leading to the halls of Pandemonium.
 37667 | Depths:2 | Bought a faintly glowing helmet for 237 gold pieces
 37667 | Depths:2 | Identified the +0 helmet of the Bouncing Lies {+Inv rPois
                  | rF+ Slay+5} (You bought it in a shop on level 2 of the
                  | Depths)
 37899 | Depths:2 | Found Hedyraw's Book Shop.
 37899 | Depths:2 | Found Zih Opp's Jewellery Emporium.
 37901 | Depths:2 | Found Nowiahozao's Book Shop.
 37908 | Depths:2 | Bought a manual of Maces & Flails for 1040 gold pieces
 38407 | Depths:2 | Found a shimmering blue altar of Sif Muna.
 39241 | Depths:2 | Noticed a juggernaut
 39276 | Depths:2 | Killed a juggernaut
 39277 | Depths:2 | Reached skill level 15 in Shields
 39277 | Depths:2 | Reached XP level 19. HP: 100/133 MP: 11/19
 39310 | Depths:2 | Identified the +6 bardiche "Iniqod" {flame, rElec rF-
                  | Dex+2}
 39697 | Elf:3    | Bought 2 scrolls of enchant armour for 255 gold pieces
 39776 | Elf:3    | Bought a lightning rod (4/4) for 570 gold pieces
 40051 | Shoals:1 | Entered Level 1 of the Shoals
 40800 | Shoals:1 | Found a white marble altar of Elyvilon.
 40835 | Shoals:1 | Reached skill level 20 in Fighting
 41727 | Shoals:2 | Found Goceh's Book Boutique.
 42303 | Shoals:3 | Noticed Ilsuiw
 42331 | Shoals:3 | Killed Ilsuiw
 43195 | Shoals:4 | Entered Level 4 of the Shoals
 43429 | Shoals:4 | Found Sywimoih's Gadget Gallery.
 43785 | Shoals:4 | Reached skill level 21 in Fighting
 43990 | Shoals:4 | Got a barnacled rune of Zot
 44073 | Shoals:4 | Reached XP level 20. HP: 97/144 MP: 20/20
 44374 | Shoals:4 | Identified the +0 robe of the Equator {rN++ Will-}
 45008 | Shoals:1 | Identified a scroll of acquirement
 45014 | Shoals:1 | Acquired 1164 gold pieces
 45041 | Spider:1 | Entered Level 1 of the Spider Nest
 45090 | Spider:1 | Noticed Kirke
 45098 | Spider:1 | Killed Kirke
 45506 | Spider:1 | Noticed Jorgrun
 45518 | Spider:1 | Killed Jorgrun
 45914 | Spider:2 | Noticed Agnes
 45932 | Spider:2 | Killed Agnes
 46500 | Spider:2 | Found a runed translucent gate.
 46501 | Spider:2 | Found a runed translucent gate.
 46502 | Spider:2 | Found a runed translucent gate.
 46502 | Spider:2 | Found the +8 trident of the Octopus King {venom, rElec
                  | rPois}
 46507 | Spider:2 | Noticed Jiddual's ghost (adept NaFE)
 46529 | Spider:2 | Killed Jiddual's ghost
 46865 | Spider:3 | Identified the +0 leather armour of Joahyk {rElec Stlth+}
 47421 | Spider:3 | Reached skill level 22 in Fighting
 48009 | Spider:4 | Entered Level 4 of the Spider Nest
 48792 | Spider:4 | Acquired a manual of Axes
 48885 | Spider:4 | Bought a scroll of enchant armour for 112 gold pieces
 48885 | Spider:4 | Bought a scroll of teleportation for 45 gold pieces
 48885 | Spider:4 | Bought a scroll of teleportation for 45 gold pieces
 49307 | Spider:4 | Reached skill level 10 in Axes
 49391 | Spider:4 | Identified the +2 hat "Hunocvoo" {Int+5 Stlth+}
 49411 | Spider:4 | Got a gossamer rune of Zot
 50054 | Vaults:1 | Entered Level 1 of the Vaults
 50160 | Vaults:1 | Reached XP level 21. HP: 119/152 MP: 18/21
 50862 | Vaults:1 | Identified the +3 ring mail "Muala" {-Cast rElec rCorr
                  | Dex+7}
 50941 | Vaults:1 | Acquired a +6 ring of strength
 51835 | Vaults:1 | Bought a pair of warped gloves for 256 gold pieces
 51835 | Vaults:1 | Identified the +0 pair of gloves "Edosut" {rElec rC+ Int-3}
                  | (You bought it in a shop on level 1 of the Vaults)
 52518 | Vaults:2 | Reached skill level 10 in Dodging
 52534 | Vaults:2 | Reached skill level 23 in Fighting
 53071 | Vaults:2 | Found a staircase to the Crypt.
 53633 | Vaults:3 | Reached XP level 22. HP: 160/160 MP: 22/22
 54114 | Vaults:3 | Noticed Boris
 54127 | Vaults:3 | Killed Boris
 55349 | Vaults:4 | Identified the ring "Juorch" {Drain Fly Str+10 Dex+6 SInv}
 55792 | Vaults:4 | Found a runed translucent door.
 55794 | Vaults:4 | Noticed Eczaz's ghost (adept DEHW)
 55803 | Vaults:4 | Killed Eczaz's ghost
 56170 | Vaults:4 | Reached skill level 15 in Armour
 56684 | Vaults:4 | Reached XP level 23. HP: 159/167 MP: 21/23
 56960 | Vaults:5 | Entered Level 5 of the Vaults
 56964 | Vaults:5 | Reached skill level 24 in Fighting
 56983 | Vaults:5 | Identified the amulet "Systuy" {Spirit Regen+}
 57101 | Vaults:5 | Noticed a dread lich
 57121 | Vaults:5 | Killed a dread lich
 57530 | Vaults:5 | Identified the +5 long sword of the Volcano {heavy, Int+4}
 57530 | Vaults:5 | Identified the ring of Geluroli {Fire Drain Int+5}
 58124 | Vaults:5 | Got a silver rune of Zot
 58416 | Vaults:5 | Noticed a dread lich
 58442 | Vaults:5 | Killed a dread lich
 58443 | Vaults:5 | Reached skill level 15 in Axes
 58451 | Vaults:5 | Reached XP level 24. HP: 73/174 MP: 11/23
 58668 | Vaults:5 | Reached XP level 25. HP: 179/179 MP: 23/23
 58737 | Vaults:5 | Identified the +4 glaive "Impbane" {speed, rF+ rN+ Str+5}
 58786 | Vaults:5 | Identified the +6 dagger "Newtslayer" {freeze, *Noise Str+5
                  | Dex+4 Stlth+}
 58795 | Vaults:5 | Identified the +1 cloak of Hairiness {rPois Will+ Str+9
                  | Dex-5}
 58799 | Vaults:5 | Noticed Mennas
 58842 | Vaults:5 | Killed Mennas
 58843 | Vaults:5 | Reached skill level 25 in Fighting
 59079 | Vaults:5 | Identified the +9 plate armour of Loss {rPois rC+ Regen+}
 59659 | Slime:1  | Entered Level 1 of the Pits of Slime
 59684 | Slime:1  | Found a viscous altar of Jiyva.
 60010 | Slime:1  | Gained mutation: You have hidden genetic defects. [a
                  | shining eye]
 60019 | Slime:1  | Lost mutation: You are agile. (Dex +4, Str/Int -1) [potion
                  | of mutation]
 60019 | Slime:1  | Lost mutation: You have hidden genetic defects. [potion of
                  | mutation]
 60019 | Slime:1  | Gained mutation: You are frail. (-10% HP) [potion of
                  | mutation]
 60019 | Slime:1  | Lost mutation: You are frail. (-10% HP) [potion of
                  | mutation]
 60019 | Slime:1  | Gained mutation: You are partially covered in iridescent
                  | scales. (AC +2) [potion of mutation]
 60387 | Slime:2  | Gained mutation: You are dopey. (Int -2) [a shining eye]
 60403 | Slime:2  | Gained mutation: You are frail. (-10% HP) [a shining eye]
 60619 | Slime:2  | Lost mutation: You are partially covered in iridescent
                  | scales. (AC +2) [potion of mutation]
 60619 | Slime:2  | Lost mutation: You are dopey. (Int -2) [potion of mutation]
 60619 | Slime:2  | Gained mutation: You have a somewhat thin skeletal
                  | structure. (Dex +2, Stealth+) [potion of mutation]
 60619 | Slime:2  | Gained mutation: Your spells are a little easier to cast,
                  | but a little less powerful. [potion of mutation]
 60620 | Slime:2  | Lost mutation: You have a somewhat thin skeletal structure.
                  | (Dex +2, Stealth+) [potion of mutation]
 60620 | Slime:2  | Lost mutation: Your spells are a little easier to cast, but
                  | a little less powerful. [potion of mutation]
 60620 | Slime:2  | Lost mutation: You are frail. (-10% HP) [potion of
                  | mutation]
 60620 | Slime:2  | Gained mutation: You have hidden genetic potential. [potion
                  | of mutation]
 60620 | Slime:2  | Gained mutation: Your mind is acute. (Int +4, Str/Dex -1)
                  | [potion of mutation]
 60620 | Slime:2  | Gained mutation: You are partially covered in iridescent
                  | scales. (AC +2) [potion of mutation]
 61604 | Slime:2  | You are sucked into a shaft and drop 1 floor!
 61864 | Slime:5  | Entered Level 5 of the Pits of Slime
 61946 | Slime:5  | Noticed Dissolution
 61954 | Slime:5  | Paralysed by a floating eye for 2 turns
 61963 | Slime:5  | Killed Dissolution
 62100 | Slime:5  | Found a viscous altar of Jiyva.
 62102 | Slime:5  | Noticed the Royal Jelly
 62116 | Slime:5  | Killed the Royal Jelly
 62161 | Slime:5  | Identified the +4 leather armour of the Maze {rElec Will-
                  | Stlth+}
 62186 | Slime:5  | Got a slimy rune of Zot
 62202 | Slime:5  | Identified the +11 mace "Anene" {freeze, *Rage rF+ Will+
                  | Int+7}
 62212 | Slime:5  | Got Peclimy's Tome of the Snowflakes and the Gang
 62253 | Slime:5  | Got Irociaw's Catalogue of the Congregation
 62254 | Slime:5  | Identified the +7 chain mail "Zashie" {rPois Stlth+}
 62288 | Slime:5  | Identified the +8 plate armour of Vehumet's Castigation
                  | {rF+ Dex+4}
 64988 | Depths:3 | Found Zyaniwk's Weapon Shoppe.
 65011 | Depths:3 | Reached XP level 26. HP: 165/189 MP: 22/23
 65057 | Depths:3 | Noticed Boris
 65070 | Depths:3 | Killed Boris
 65351 | Depths:4 | Entered Level 4 of the Depths
 65648 | Depths:4 | Gained mutation: You have a pair of small horns on your
                  | head. [hidden potential]
 65649 | Depths:4 | Lost mutation: You are partially covered in iridescent
                  | scales. (AC +2) [potion of mutation]
 65649 | Depths:4 | Lost mutation: Your mind is acute. (Int +4, Str/Dex -1)
                  | [potion of mutation]
 65649 | Depths:4 | Gained mutation: You passively map a small area around you.
                  | [potion of mutation]
 65649 | Depths:4 | Gained mutation: You are partially covered in iridescent
                  | scales. (AC +2) [potion of mutation]
 65650 | Depths:4 | Lost mutation: You have a pair of small horns on your head.
                  | [potion of mutation]
 65650 | Depths:4 | Lost mutation: You passively map a small area around you.
                  | [potion of mutation]
 65650 | Depths:4 | Gained mutation: You are frail. (-10% HP) [potion of
                  | mutation]
 65650 | Depths:4 | Gained mutation: You expend magic power (3 MP) to
                  | strengthen your wands. [potion of mutation]
 65651 | Depths:4 | Lost mutation: You are partially covered in iridescent
                  | scales. (AC +2) [potion of mutation]
 65651 | Depths:4 | Lost mutation: You have hidden genetic potential. [potion
                  | of mutation]
 65651 | Depths:4 | Gained mutation: Your flesh is heat resistant. (rF+)
                  | [potion of mutation]
 65652 | Depths:4 | Lost mutation: You are frail. (-10% HP) [potion of
                  | mutation]
 65652 | Depths:4 | Lost mutation: You expend magic power (3 MP) to strengthen
                  | your wands. [potion of mutation]
 65652 | Depths:4 | Lost mutation: Your flesh is heat resistant. (rF+) [potion
                  | of mutation]
 65652 | Depths:4 | Gained mutation: You are clumsy. (Dex -2) [potion of
                  | mutation]
 65787 | Depths:4 | Found a gate to the Realm of Zot.
 65916 | Depths:4 | Noticed Grunn
 65927 | Depths:4 | Killed Grunn
 65943 | Depths:4 | Reached skill level 26 in Fighting
 66347 | Depths:4 | Noticed a juggernaut
 66359 | Depths:4 | Killed a juggernaut
 67158 | Crypt:1  | Entered Level 1 of the Crypt
 67945 | Crypt:2  | Reached skill level 15 in Dodging
 68524 | Crypt:2  | Noticed Boris
 68532 | Crypt:2  | Killed Boris
 68892 | Crypt:3  | Entered Level 3 of the Crypt
 68961 | Crypt:3  | Found a staircase to the Tomb.
 69620 | Crypt:3  | Noticed Vv
 69651 | Crypt:3  | Killed Vv
 69858 | Crypt:3  | Reached XP level 27. HP: 128/197 MP: 15/23
 70012 | Crypt:3  | Noticed an ancient lich
 70012 | Crypt:3  | Noticed an ancient lich
 70022 | Crypt:3  | Noticed an ancient lich
 70036 | Crypt:3  | Killed an ancient lich
 70070 | Crypt:3  | Killed an ancient lich
 70077 | Crypt:3  | Killed an ancient lich
 70203 | Crypt:3  | Got the Volume of Stolen Souls
 70212 | Crypt:3  | Identified the ring "Laege" {rC+ rN+ rCorr Int+4}
 70212 | Crypt:3  | Identified the ring "Emivoxtuywke" {rC+ rN+ Will+ rCorr
                  | Int+2}
 70355 | Tomb:1   | Entered Level 1 of the Tomb of the Ancients
 70397 | Tomb:1   | Noticed Boris
 70407 | Tomb:1   | Killed Boris
 71436 | Tomb:1   | Noticed a royal mummy
 71453 | Tomb:1   | Killed a royal mummy
 71762 | Tomb:1   | Identified the +1 battleaxe of Dalas {holy, Fragile rElec
                  | rN+}
 71788 | Tomb:1   | Noticed a royal mummy
 71799 | Tomb:1   | Killed a royal mummy
 72625 | Zot:1    | Entered Level 1 of the Realm of Zot
 72625 | Zot:1    | Found the +7 lajatang of Order {silver, rMut}
 72796 | Zot:1    | Bought a potion of invisibility for 104 gold pieces
 72796 | Zot:1    | Bought a potion of haste for 130 gold pieces
 74493 | Zot:2    | Identified the ring "Neluilirr" {Ice Str+2}
 74493 | Zot:2    | Noticed Josephina
 74508 | Zot:2    | Killed Josephina
 74904 | Zot:3    | Reached skill level 27 in Fighting
 76610 | Zot:4    | Upgraded the game from 0.30-a0-585-g93115170b9 to
                  | 0.30-a0-586-g23e55c9e0a
 76878 | Zot:4    | Identified the +4 sling of Ylesail {antimagic, rC- Str+3}
 77315 | Zot:5    | Entered Level 5 of the Realm of Zot
 77854 | Zot:5    | Noticed an ancient lich
 77865 | Zot:5    | Noticed an orb of fire
 77867 | Zot:5    | Noticed an orb of fire
 77873 | Zot:5    | Gained mutation: Your magical capacity is low. (-10% MP)
                  | [an orb of fire]
 77892 | Zot:5    | Gained mutation: You are occasionally teleported next to
                  | monsters. [an orb of fire]
 77896 | Zot:5    | Gained mutation: You occasionally lose the ability to drink
                  | potions when taking damage. [an orb of fire]
 77898 | Zot:5    | Killed an orb of fire
 77929 | Zot:5    | Killed an ancient lich
 78395 | Zot:4    | Lost mutation: You occasionally lose the ability to drink
                  | potions when taking damage. [potion of mutation]
 78395 | Zot:4    | Lost mutation: You are clumsy. (Dex -2) [potion of
                  | mutation]
 78395 | Zot:4    | Gained mutation: You are strong-willed. (Will+) [potion of
                  | mutation]
 78395 | Zot:4    | Gained mutation: You are partially covered in iridescent
                  | scales. (AC +2) [potion of mutation]
 78396 | Zot:4    | Lost mutation: You are strong-willed. (Will+) [potion of
                  | mutation]
 78396 | Zot:4    | Lost mutation: Your magical capacity is low. (-10% MP)
                  | [potion of mutation]
 78396 | Zot:4    | Lost mutation: You are occasionally teleported next to
                  | monsters. [potion of mutation]
 78396 | Zot:4    | Gained mutation: You passively map a small area around you.
                  | [potion of mutation]
 78396 | Zot:4    | Gained mutation: You possess an exceptional clarity of
                  | mind. [potion of mutation]
 78786 | Zot:5    | Killed an orb of fire
 78938 | Zot:5    | Noticed a dread lich
 78951 | Zot:5    | Killed a dread lich
 78988 | Zot:5    | Noticed an orb of fire
 78991 | Zot:5    | Noticed an ancient lich
 79019 | Zot:5    | Gained mutation: You are frail. (-10% HP) [an orb of fire]
 79030 | Zot:5    | Gained mutation: Your spells are a little easier to cast,
                  | but a little less powerful. [an orb of fire]
 79033 | Zot:5    | Gained mutation: You are very frail. (-20% HP) [an orb of
                  | fire]
 79034 | Zot:5    | Gained mutation: You are agile. (Dex +4, Str/Int -1) [an
                  | orb of fire]
 79036 | Zot:5    | Killed an orb of fire
 79039 | Zot:5    | Killed an ancient lich
 79090 | Zot:5    | Noticed an ancient lich
 79110 | Zot:5    | Killed an ancient lich
 79447 | Zot:5    | Lost mutation: You are partially covered in iridescent
                  | scales. (AC +2) [potion of mutation]
 79447 | Zot:5    | Lost mutation: Your spells are a little easier to cast, but
                  | a little less powerful. [potion of mutation]
 79447 | Zot:5    | Gained mutation: You expend magic power (3 MP) to
                  | strengthen your wands. [potion of mutation]
 79447 | Zot:5    | Lost mutation: You possess an exceptional clarity of mind.
                  | [potion of mutation]
 79447 | Zot:5    | Gained mutation: You are covered in fur. (AC +1) [potion of
                  | mutation]
 79448 | Zot:5    | Lost mutation: You are very frail. (-20% HP) [potion of
                  | mutation]
 79448 | Zot:5    | Lost mutation: You are agile. (Dex +4, Str/Int -1) [potion
                  | of mutation]
 79448 | Zot:5    | Lost mutation: You are covered in fur. (AC +1) [potion of
                  | mutation]
 79448 | Zot:5    | Gained mutation: You have a pair of small horns on your
                  | head. [potion of mutation]
 79448 | Zot:5    | Gained mutation: You have hidden genetic potential. [potion
                  | of mutation]
 79449 | Zot:5    | Lost mutation: You passively map a small area around you.
                  | [potion of mutation]
 79449 | Zot:5    | Lost mutation: You are frail. (-10% HP) [potion of
                  | mutation]
 79449 | Zot:5    | Lost mutation: You have hidden genetic potential. [potion
                  | of mutation]
 79449 | Zot:5    | Lost mutation: You have a pair of small horns on your head.
                  | [potion of mutation]
 79449 | Zot:5    | Gained mutation: Your body sometimes deteriorates upon
                  | taking damage. [potion of mutation]
 80010 | Depths:2 | Bought a distressingly furry plate armour for 700 gold
                  | pieces
 80010 | Depths:2 | Identified the +1 plate armour of Sloth {Regen+ Int+2} (You
                  | bought it in a shop on level 2 of the Depths)
 80010 | Depths:2 | Bought a transparent plate armour for 700 gold pieces
 80010 | Depths:2 | Identified the +2 plate armour of Festooned Contentment
                  | {*Corrode rN+ Int+9} (You bought it in a shop on level 2 of
                  | the Depths)
 80054 | Hell     | Entered the Vestibule of Hell
 80054 | Hell     | Noticed Geryon
 80427 | Hell     | Killed Geryon
 80541 | Hell     | Found a gateway to the Iron City of Dis.
 80669 | Hell     | Found a gateway to the freezing wastes of Cocytus.
 80855 | Hell     | Found a gateway to the decaying netherworld of Tartarus.
 80925 | Hell     | Found a gateway to the ashen valley of Gehenna.
 81114 | Geh:1    | Entered Level 1 of Gehenna
 82790 | Geh:7    | Entered Level 7 of Gehenna
 82837 | Geh:7    | Upgraded the game from 0.30-a0-586-g23e55c9e0a to
                  | 0.30-a0-591-g3c58d2bc28
 83828 | Geh:7    | Noticed the Serpent of Hell
 83851 | Geh:7    | Killed the Serpent of Hell
 84284 | Geh:7    | HP: 5/199 [Brimstone Fiend/damnation (16)]
 85673 | Geh:7    | Identified the +2 pair of gloves of Inevitability {rC+
                  | Str+2 Int+4}
 85695 | Geh:7    | Identified the +4 shortbow of the Disbelieving Gods {heavy,
                  | rF+ rC+}
 85744 | Geh:7    | Found the +7 sceptre of Asmodeus
 85744 | Geh:7    | Noticed Asmodeus
 85783 | Geh:7    | Killed Asmodeus
 85793 | Geh:7    | Got an obsidian rune of Zot
 85796 | Geh:7    | Got the Atlas of Striking
 85799 | Geh:7    | Identified the +1 scale mail "Gaoda" {Will- Str+6}
 86219 | Zig:1    | Entered Level 1 of a ziggurat
 86255 | Zig:2    | Entered Level 2 of a ziggurat
 86299 | Zig:3    | Entered Level 3 of a ziggurat
 86340 | Zig:4    | Entered Level 4 of a ziggurat
 86441 | Zig:5    | Entered Level 5 of a ziggurat
 86445 | Zig:5    | Found the +6 arbalest "Damnation" {damnation}
 86445 | Zig:5    | Noticed Kiorr the pandemonium lord
 86463 | Zig:5    | Killed Kiorr the pandemonium lord
 86496 | Zig:5    | Identified the +9 scimitar of the Mouth {drain, rPois rF++
                  | rC- SInv}
 86508 | Zig:6    | Entered Level 6 of a ziggurat
 86538 | Zig:6    | Identified the ring of Xorghe {+Blink rElec rF+ Str+6
                  | Dex+2}
 86556 | Zig:6    | Identified the +1 robe of the Wasteland {rF+ rC- Int+4
                  | Archmagi}
 86676 | Zig:7    | Entered Level 7 of a ziggurat
 86751 | Zig:7    | Identified the ring "Zojugov" {rCorr Str+2 Dex+3}
 86796 | Zig:8    | Entered Level 8 of a ziggurat
 86805 | Zig:8    | Found the +2 shield of Resistance {rF++ rC++ Will++}
 86896 | Zig:8    | Got Razurump's Compilation of Called Enchantment
 86925 | Zig:8    | Learned a level 8 spell: Lehudib's Crystal Spear
 86925 | Zig:8    | Reached skill level 5 in Spellcasting
 86946 | Zig:9    | Entered Level 9 of a ziggurat
 87101 | Zig:10   | Entered Level 10 of a ziggurat
 87111 | Zig:10   | Noticed a juggernaut
 87138 | Zig:10   | Killed a juggernaut
 87243 | Zig:10   | Identified the +0 scale mail of the Nine of Wands {rF+}
 87266 | Zig:10   | Got the Handbook of the Arsonist
 87279 | Zig:11   | Entered Level 11 of a ziggurat
 87289 | Zig:11   | Noticed a royal mummy
 87289 | Zig:11   | Noticed a royal mummy
 87290 | Zig:11   | Noticed a royal mummy
 87302 | Zig:11   | Killed a royal mummy
 87309 | Zig:11   | Killed a royal mummy
 87314 | Zig:11   | Killed a royal mummy
 87758 | Zig:11   | Identified the +7 dagger "Giantbane" {antimagic, rElec rC++
                  | Int+3}
 87761 | Zig:11   | Identified the +2 whip "Ica Rewaun" {pain, rPois rCorr}
 87899 | Zig:12   | Entered Level 12 of a ziggurat
 87915 | Zig:12   | Noticed Lakeobri the pandemonium lord
 87957 | Zig:12   | Killed Lakeobri the pandemonium lord
 88264 | Zig:12   | Found the +1 cloak of Starlight {*Dazzle EV+4 Stlth--}
 88272 | Zig:12   | Identified the +1 pair of gloves "Mulunufros" {Contam rElec
                  | Str+8 Slay-2}
 88282 | Zig:12   | Got the Omnibus of Ruinous Sidekicks
 88510 | Zig:13   | Entered Level 13 of a ziggurat
 88523 | Zig:13   | Noticed an ancient lich
 88524 | Zig:13   | Found the +7 sceptre of Torment {pain, torment}
 88537 | Zig:13   | Killed an ancient lich
 88675 | Zig:14   | Entered Level 14 of a ziggurat
 88709 | Zig:14   | Paralysed by accursed screaming for 2 turns
 88768 | Zig:14   | Found the amulet of the Four Winds {rN+ Will+++ Clar}
 89158 | Zig:15   | Entered Level 15 of a ziggurat
 89172 | Zig:15   | Noticed an orb of fire
 89173 | Zig:15   | Noticed an orb of fire
 89173 | Zig:15   | Noticed an orb of fire
 89173 | Zig:15   | Found the +3 Mad Mage's Maulers {Infuse+∞ VampMP -Cast}
 89173 | Zig:15   | Noticed an orb of fire
 89174 | Zig:15   | Gained mutation: You occasionally lose the ability to drink
                  | potions when taking damage. [an orb of fire]
 89180 | Zig:15   | Gained mutation: Armour fits poorly on your strangely
                  | shaped body. [an orb of fire]
 89184 | Zig:15   | Killed an orb of fire
 89190 | Zig:15   | Gained mutation: You are clumsy. (Dex -2) [an orb of fire]
 89191 | Zig:15   | Killed an orb of fire
 89191 | Zig:15   | Gained mutation: You are frail. (-10% HP) [an orb of fire]
 89196 | Zig:15   | Killed an orb of fire
 89197 | Zig:15   | Gained mutation: You sometimes lose the ability to drink
                  | potions when taking damage. [an orb of fire]
 89201 | Zig:15   | Killed an orb of fire
 89411 | Zig:15   | Got the Handbook of Viridian Gusts
 89417 | Zig:15   | Identified the amulet "Wiosukin" {Reflect Dex+2 SH+5}
 89532 | Zig:15   | Lost mutation: Armour fits poorly on your strangely shaped
                  | body. [potion of mutation]
 89532 | Zig:15   | Lost mutation: You sometimes lose the ability to drink
                  | potions when taking damage. [potion of mutation]
 89532 | Zig:15   | Lost mutation: You expend magic power (3 MP) to strengthen
                  | your wands. [potion of mutation]
 89532 | Zig:15   | Lost mutation: You are clumsy. (Dex -2) [potion of
                  | mutation]
 89533 | Zig:15   | Lost mutation: Your body sometimes deteriorates upon taking
                  | damage. [potion of mutation]
 89533 | Zig:15   | Lost mutation: You are frail. (-10% HP) [potion of
                  | mutation]
 89533 | Zig:15   | Lost mutation: You occasionally lose the ability to drink
                  | potions when taking damage. [potion of mutation]
 89533 | Zig:15   | Gained mutation: You have a beak for a mouth. [potion of
                  | mutation]
 89533 | Zig:15   | Gained mutation: Your flesh is heat resistant. (rF+)
                  | [potion of mutation]
 89533 | Zig:15   | Gained mutation: You have sharp fingernails. [potion of
                  | mutation]
 89570 | Zig:15   | Lost mutation: You have a beak for a mouth. [potion of
                  | mutation]
 89570 | Zig:15   | Lost mutation: You have sharp fingernails. [potion of
                  | mutation]
 89570 | Zig:15   | Lost mutation: Your flesh is heat resistant. (rF+) [potion
                  | of mutation]
 89570 | Zig:15   | Gained mutation: You are partially covered in large bone
                  | plates. (SH +4) [potion of mutation]
 89570 | Zig:15   | Gained mutation: You expend magic power (3 MP) to
                  | strengthen your wands. [potion of mutation]
 89603 | Zig:15   | Acquired a manual of Dodging
 89612 | Zig:16   | Entered Level 16 of a ziggurat
 89639 | Zig:16   | Paralysed by a wendigo for 1 turns
 89646 | Zig:16   | Paralysed by a wendigo for 1 turns
 90007 | Zig:16   | Got the Compendium of Destined Scree
 90135 | Zig:17   | Entered Level 17 of a ziggurat
 90142 | Zig:17   | Noticed Rugg the pandemonium lord
 90152 | Zig:17   | Noticed Ighie the pandemonium lord
 90153 | Zig:17   | Noticed Tufum the pandemonium lord
 90153 | Zig:17   | Noticed Ycummefe the pandemonium lord
 90155 | Zig:17   | Noticed Xipasazi the pandemonium lord
 90155 | Zig:17   | Noticed Jusaecsy the pandemonium lord
 90155 | Zig:17   | Noticed Etsad the pandemonium lord
 90172 | Abyss:5  | Cast into level 5 of the Abyss (Ycummefe)
 90196 | Abyss:5  | Gained mutation: Your spells are much easier to cast, but
                  | much less powerful. [a neqoxec]
 90257 | Abyss:5  | Gained mutation: You are dopey. (Int -2) [a neqoxec]
 90401 | Abyss:5  | Gained mutation: Your body sometimes deteriorates upon
                  | taking damage. [a neqoxec]
 90542 | Abyss:5  | Gained mutation: You are frail. (-10% HP) [a neqoxec]
 90543 | Abyss:5  | Gained mutation: You are occasionally teleported next to
                  | monsters. [a neqoxec]
 90579 | Abyss:5  | Lost mutation: You expend magic power (3 MP) to strengthen
                  | your wands. [potion of mutation]
 90579 | Abyss:5  | Lost mutation: You are occasionally teleported next to
                  | monsters. [potion of mutation]
 90579 | Abyss:5  | Lost mutation: You are partially covered in large bone
                  | plates. (SH +4) [potion of mutation]
 90579 | Abyss:5  | Gained mutation: You are very frail. (-20% HP) [potion of
                  | mutation]
 90579 | Abyss:5  | Gained mutation: You have a pair of small horns on your
                  | head. [potion of mutation]
 90580 | Abyss:5  | Lost mutation: You are very frail. (-20% HP) [potion of
                  | mutation]
 90580 | Abyss:5  | Lost mutation: Your spells are a little easier to cast, but
                  | a little less powerful. [potion of mutation]
 90580 | Abyss:5  | Lost mutation: You have a pair of small horns on your head.
                  | [potion of mutation]
 90580 | Abyss:5  | Gained mutation: You are clumsy. (Dex -2) [potion of
                  | mutation]
 90580 | Abyss:5  | Gained mutation: Your movements are slightly less
                  | encumbered by armour. (ER -2) [potion of mutation]
 90580 | Abyss:5  | Gained mutation: You are very dopey. (Int -4) [potion of
                  | mutation]
 90586 | Abyss:5  | Lost mutation: Your movements are slightly less encumbered
                  | by armour. (ER -2) [potion of mutation]
 90586 | Abyss:5  | Lost mutation: You are clumsy. (Dex -2) [potion of
                  | mutation]
 90586 | Abyss:5  | Lost mutation: Your body sometimes deteriorates upon taking
                  | damage. [potion of mutation]
 90586 | Abyss:5  | Gained mutation: Your flesh is heat resistant. (rF+)
                  | [potion of mutation]
 90586 | Abyss:5  | Gained mutation: You have an increased reservoir of magic.
                  | (+10% MP) [potion of mutation]
 90588 | Zig:17   | Escaped the Abyss
 90611 | Zig:17   | Killed Rugg the pandemonium lord
 90622 | Zig:17   | Killed Ycummefe the pandemonium lord
 90622 | Zig:17   | Killed Tufum the pandemonium lord
 90631 | Zig:17   | Killed Ighie the pandemonium lord
 90644 | Zig:17   | Killed Etsad the pandemonium lord
 90648 | Zig:17   | Killed Xipasazi the pandemonium lord
 90649 | Zig:17   | Reached skill level 15 in Evocations
 90651 | Zig:17   | Killed Jusaecsy the pandemonium lord
 90960 | Zig:17   | Lost mutation: You are very dopey. (Int -4) [potion of
                  | mutation]
 90960 | Zig:17   | Lost mutation: You are dopey. (Int -2) [potion of mutation]
 90960 | Zig:17   | Lost mutation: You are frail. (-10% HP) [potion of
                  | mutation]
 90960 | Zig:17   | Gained mutation: You are partially covered in iridescent
                  | scales. (AC +2) [potion of mutation]
 90960 | Zig:17   | Gained mutation: Your spells are a little harder to cast,
                  | but a little more powerful. [potion of mutation]
 91012 | Zig:17   | Identified the +9 lajatang of the Nurturing Seeker {spect,
                  | Dex+5}
 91021 | Zig:17   | Identified the +5 trident "Killer Klown's Curse" {venom,
                  | rF+ rN++ Dex-5}
 91055 | Zig:18   | Entered Level 18 of a ziggurat
 91140 | Zig:18   | Found the +5 Lochaber axe {reach-cleave, poleaxe, Drain}
 91209 | Zig:19   | Entered Level 19 of a ziggurat
 91514 | Zig:19   | Identified the +9 sling "Hodera Vepe" {speed, rElec rPois
                  | rF- Str+5}
 91543 | Zig:19   | Got the Octavo of the Black Widow
 91546 | Zig:19   | Identified the ring of the Elephant {rElec rF+ Will+ Dex-4
                  | Slay+2}
 91575 | Zig:19   | Identified the +4 dagger of Wondrous Power {elec, rC++}
 91578 | Zig:19   | Identified the amulet "Pemoikh" {Regen+ Str+3}
 91591 | Zig:19   | Identified the +0 fire dragon scales "Iqiod" {rF++ rC-
                  | Stlth+}
 91598 | Zig:20   | Entered Level 20 of a ziggurat
 91630 | Zig:20   | Noticed an ancient lich
 91631 | Zig:20   | Noticed a dread lich
 91631 | Zig:20   | Noticed a dread lich
 91651 | Zig:20   | Killed an ancient lich
 91662 | Zig:20   | Killed a dread lich
 91663 | Zig:20   | Killed a dread lich
 92140 | Zig:20   | Identified the +1 helmet of Starshine {Harm rF- rN+++
                  | Str-3}
 92146 | Zig:20   | Identified the ring "Cityok" {rF++ rN+ MP-9 Int+3}
 92148 | Zig:20   | Identified the ring "Yguyv Nuho" {+Blink SInv}
 92168 | Zig:20   | Identified the +1 ring mail of Ytisair {rCorr Str+4}
 92173 | Zig:20   | Identified the +5 hand axe of the Badger {venom, *Noise
                  | rF++ SInv Stlth+}
 92184 | Zig:20   | Got the Spellbook of Gaseous Dislocation
 92223 | Zig:20   | Identified the +7 sling of Broken Luck {drain, Dex+4}
 92345 | Zig:21   | Entered Level 21 of a ziggurat
 92504 | Zig:21   | Found the +8 frozen axe "Frostbite" {freeze, freezing
                  | cloud, *Noise Fly rC+}
 92530 | Zig:21   | Got the Precepts of the First Xalams
 92548 | Zig:21   | Identified the ring "Ebunallefot" {EV+5 Slay+5}
 92553 | Zig:21   | Identified the ring of Sunlight {+Blink Dex+3 Slay+4
                  | Stlth+}
 92560 | Zig:21   | Identified the +10 scimitar of the Unspeakable One {vamp,
                  | Will+}
 92576 | Zig:21   | Reached skill level 5 in Ranged Weapons
 92614 | Zig:21   | Identified the +4 great sword "Zydu" {flame, Str+4}
 92616 | Zig:21   | Identified the amulet of Keybroe {Faith Dex+2}
 92625 | Zig:21   | Identified the +2 scale mail of a bazaar {Str+5}
 92642 | Zig:22   | Entered Level 22 of a ziggurat
 93066 | Zig:22   | Identified the amulet "Toinly" {Faith rC+ Int+3}
 93082 | Zig:22   | Identified the amulet of Summertime {Reflect Slay+3 SH+5}
 93088 | Zig:22   | Identified the ring "Xeatt" {rN+ Will+ Str+6 Int-2}
 93127 | Zig:23   | Entered Level 23 of a ziggurat
 93139 | Zig:23   | Noticed an ancient lich
 93141 | Zig:23   | Noticed an ancient lich
 93150 | Zig:23   | Killed an ancient lich
 93158 | Zig:23   | Killed an ancient lich
 93165 | Zig:23   | Noticed an ancient lich
 93169 | Zig:23   | Noticed an ancient lich
 93183 | Zig:23   | Killed an ancient lich
 93193 | Zig:23   | HP: 9/199 [red draconian scorcher/damnation (28)]
 93194 | Zig:23   | Killed an ancient lich
 93675 | Zig:23   | Found the +8 demon blade "Leech" {vamp, Harm Drain rN+}
 93682 | Zig:23   | Identified the +5 falchion "Viculon" {heavy, Fly rF- Will+
                  | Str+3}
 93683 | Zig:23   | Identified the +3 hand axe "Lytunuirph" {freeze, Int+3}
 93684 | Zig:23   | Identified the +5 falchion of Fury {protect, Int+5}
 93709 | Zig:23   | Identified the +4 ring mail of the Aged Cities {rPois rF++}
 93719 | Zig:23   | Identified the ring of Leton {Will+ Str+3}
 93763 | Zig:24   | Entered Level 24 of a ziggurat
 93838 | Zig:24   | Killed from afar by an iron giant

Illustrated notes

Levels and vault maps discovered:
D:1:      lemuel_arrival_hallway, layout_loops_ring
D:2:      layout_basic, hangedman_decor_clover_reticule, moated_statue,
          grunt_decor_mini_mirrors, minmay_3d_cube, uniq_terence
D:3:      layout_basic, gammafunk_temple_overflow_arena, minmay_fountain_box,
          minivault_25, grunt_decor_arrowhead, uniq_robin
D:4:      minmay_evil_eye, layout_cave_pools, xom_butterflies,
          minmay_temple_entry_statues_fountains, gammafunk_ghost_mausoleum,
          cheibrodos_sewer_entry_sluice, corexii_checkpoint_a, minmay_checkerbox
D:5:      layout_basic, uniq_menkaure, uniq_sigmund
D:6:      layout_basic, okawaru_trees_1, kennysheep_little_box,
          mainiacjoe_overflow_six_doors_small, marbit_many_paths,
          serial_corexii_hall, corexii_hall_statues_i, corexii_hall_statues_i,
          chequers_hall_statues_corner_a, corexii_hall_statues_x,
          dreamdust_princess_bridge
D:7:      hangedman_cross_stitches, layout_rooms, yredelemnul_altar_generic,
          nzn_hepliaklqana_mist_gate, mainiacjoe_overflow_alcove_2
D:8:      layout_loops_ring, mainiacjoe_overflow_paths,
          trog_three_pillars_becter, nicolae_vehumet_altar_sigil,
          hangedman_abyss_or_decor_passed
D:9:      layout_basic, mainiacjoe_overflow_small_starburst, dpeg_lair_monsters,
          orc_0_dummy
D:10:     layout_cave_pools, lemuel_crystal_altar, grunt_dithmenos_smoke,
          ebering_ghost_disaster_area, minivault_21
D:11:     layout_irregular_city, nicolae_titane, uniq_snorg
D:12:     minmay_cornered_nines, layout_loops_ring,
          nicolae_trove_entry_crossroad, grunt_ministairs_14,
          serial_bayou_pond_e
D:13:     layout_loops_corners, erik_vaults_1, nicolae_shop_clearance
D:14:     layout_loops_ring, dk_noncrumbling_2
D:15:     hangedman_depths_entry_try_elsewhere_first, layout_loops_cross,
          nicolae_gozag_seed_capital
Temple:   nicolae_temple_ecumenical_triangle
Lair:1:   statuecave_lemuel, layout_cave_shapes, gauntlet_entry_generic,
          st_stairs_10
Lair:2:   layout_cave_pods, uniq_gastronok
Lair:3:   layout_layer_cave, minmay_shoals_entry_centaurs, dummy_spider_entry,
          lemuel_fruit_tree
Lair:4:   layout_long_grid
Lair:5:   due_jungle_book, layout_regular_city, slime_entry_1, serial_bayou,
          serial_bayou_crossing, serial_bayou_pond_e, serial_bayou_pond_a,
          serial_bayou_lake_a, chequers_serial_rivers_small_a,
          lemuel_oklob_altar
Shoals:1: layout_shoals, wheals_shoals_ruined_temple
Shoals:2: layout_shoals, serial_shops, nicolae_shop_hallway_plus
Shoals:3: layout_shoals, uniq_ilsuiw
Shoals:4: shoals_end_simple, layout_shoals, nicolae_shop_gadgets
Spider:1: layout_spider_delve, hive_lemuel, uniq_jorgrun, uniq_kirke
Spider:2: layout_spider_delve, ebering_ghost_rock_garden, uniq_agnes
Spider:3: layout_spider_delve, drop_trap
Spider:4: hellmonk_spider_rune_bug_friends
Slime:1:  layout_caves, basic_altar, cheibrodos_slime_lost_civilization_5
Slime:2:  cheibrodos_slime_lost_civilization_1, layout_caves,
          cheibrodos_slime_lost_civilization_6
Slime:3:  layout_caves
Slime:4:  layout_caves
Slime:5:  uniq_dissolution
Orc:1:    layout_caves, serial_shops, nicolae_shop_advertising_works
          [nicolae_subvault_shop_adworks]
Orc:2:    grunt_orc_gardens, layout_caves, grunt_orc_garden, grunt_orc_garden,
          grunt_orc_garden, grunt_orc_garden
Elf:1:    nicolae_elf_arrival_no_cutting_in_line, layout_gridlike,
          hangedman_corner_corridor, uniq_roxanne
Elf:2:    nicolae_elf_blades_crystal_corner, layout_loops_ring,
          minmay_crystal_room, chequers_big_river, small_statue_intersection
Elf:3:    grunt_elf_hall_asides, layout_onion_city, serial_shops,
          shop_fountains, shop, shop, nicolae_lakefront_shop, drop_trap
Vaults:1: ontoclasm_vaults_ring_small, v_misc_18, v_pattern_5,
          hangedman_vaults_stretched_pinwheel, ontoclasm_vaults_ring_large,
          nicolae_vaults_network_quinsquares
          [nicolae_vaults_network_quincunx_subvault,
          nicolae_vaults_network_quincunx_subvault,
          nicolae_vaults_network_quincunx_subvault,
          nicolae_vaults_network_quincunx_subvault], hangedman_vaults_maws,
          grunt_vaults_swirl, v_rooms_3, hangedman_vaults_impose,
          vaults_mumra_chevron_long, layout_vaults_omnibox
Vaults:2: ontoclasm_vaults_shuriken, nicolae_vaults_triangles, v_misc_5,
          hangedman_vaults_restitches, minmay_crypt_entry_simple_round,
          nicolae_vaults_diagonal_hallway_7, ontoclasm_vaults_ring_small,
          v_rooms_5, st_cells, vaults_room_fours, layout_vaults_omnigrid
Vaults:3: nicolae_vaults_mini_display_case, ontoclasm_vaults_misaligned,
          vaults_dpeg_hooks, v_misc_31, nicolae_vaults_ninety_degrees,
          v_alt_pattern_2, vaults_room_octagon,
          vaults_mumra_minichess_inversion, ontoclasm_vaults_twist,
          nicolae_vaults_network_star, vaults_room_ringed_pool,
          layout_vaults_omnicross, uniq_boris
Vaults:4: ebering_ghost_reflecting_pool, v_misc_5,
          nicolae_vaults_yaktaur_gun_rack, v_misc_18, hangedman_vaults_corner,
          nicolae_vaults_border_crossing, v_alt_pattern_3,
          ontoclasm_vaults_gateway, vaults_room_glass_cross,
          hangedman_vaults_restitches, nicolae_vaults_little_squares_3,
          v_misc_16, grunt_vaults_hallway_short,
          nicolae_vaults_little_squares_1, grunt_vaults_hallway_short,
          layout_vaults_chaotic_city
Vaults:5: serial_shops, uniq_mennas
Crypt:1:  layout_rooms, grunt_crypt_arrival_guarded_gate
Crypt:2:  layout_catacombs, st_stairs_14
Crypt:3:  david_glass_crypt, layout_chaotic_city, uniq_vv
Tomb:1
Depths:1: layout_cross, hell_entry, hangedman_abyss_entry_splay, led_xom_imps,
          firewood_loft
Depths:2: cheibrodos_hall_of_evolution, layout_gridlike, enter_ziggurat_b,
          led_sif_pool, abyss_entry_glasseish, pan_entry,
          grunt_hell_entry_dis_mu, infiniplex_staircase_trident,
          minmay_shop_grove, serial_bayou_shore_b, serial_bayou_shore_a
Depths:3: kb_forest_paths, layout_basic, abyss_entry_crystal,
          grunt_mini_vestibule, serial_shops, nicolae_inconvenience_store,
          nicolae_figureground_sparkle
Depths:4: grunt_zot_entry_hairpin, layout_basic, chequers_serial_rivers_marsh,
          hangedman_coc_ice_floe, infiniplex_staircase_pool_lava, uniq_grunn
Hell
Geh:1:    layout_gehenna_lava_caves
Geh:2:    layout_gehenna_pools_basic
Geh:3:    layout_gehenna_lava_caves, lemuel_flamethrower_2
Geh:4:    layout_gehenna_lava_caves
Geh:5:    layout_gehenna_lava_caves
Geh:6:    layout_gehenna_lava_caves, nicolae_hells_hurtin_island
Geh:7:    geh_grunt_pentagon
Zot:1:    layout_cathedral_of_symmetry
Zot:2:    layout_onion, uniq_josephina
Zot:3:    nicolae_zot_stationary_front, layout_misc_corridors,
          lemuel_flame_loot_1
Zot:4:    layout_cellular_growth, st_large_dragon_hoard_4
Zot:5:    layout_misc_corridors
Zig:24

Skill      XL: |  1  2  3  4  5  6  7  8  9 10 11 12 13 14 15 16 17 18 19 20 21 22 23 24 25 26 27 |
---------------+----------------------------------------------------------------------------------+-----
Maces & Flails | 3 4 5 6 7 9 10 12 14 15 16 19 20 | 20.6
Fighting       | 4 6 7 9 10 11 12 13 14 15 17 19 21 22 23 24 25 26 27 | 27.0
Shields        | 4 5 7 9 10 11 12 15 22 | 22.5
Evocations     | 1 4 6 8 9 11 12 16 | 16.1
Axes           | 1 4 6 8 10 12 14 15 16 17 25 | 25.4
Dodging        | 1 4 6 7 8 10 11 13 14 15 22 | 22.1
Armour         | 4 6 8 10 12 13 15 17 18 19 26 | 26.7
Throwing       | 4 |  4.3
Spellcasting   | 7 |  7.0
Conjurations   | 4 |  4.4
Earth Magic    | 4 |  4.8
Ranged Weapons | 5 |  5.0
Stealth        | |  0.4

Action                   |  1- 3 |  4- 6 |  7- 9 | 10-12 | 13-15 | 16-18 | 19-21 | 22-24 | 25-27 || total
-------------------------+-------+-------+-------+-------+-------+-------+-------+-------+-------++-------
Melee: Flail             |    68 |       |       |       |       |       |       |       |       ||    68
       Whip              |    47 |   231 |   134 |       |       |       |       |       |       ||   412
       Morningstar       |       |       |   269 |   534 |  1142 |  1436 |  1382 |     7 |    23 ||  4793
       War axe           |       |       |       |       |       |       |    19 |       |       ||    19
       Broad axe         |       |       |       |       |       |       |   271 |   724 |  3962 ||  4957
       Unarmed           |       |       |       |       |       |       |       |       |    17 ||    17
 Fire: Hand crossbow     |       |       |       |       |       |       |       |       |     3 ||     3
Throw: Dart              |       |       |       |     7 |     7 |     4 |       |       |       ||    18
       Javelin           |       |       |       |       |       |       |     2 |       |       ||     2
Invok: Potion Petition   |       |       |       |     1 |     2 |     2 |       |     2 |    24 ||    31
       Call Merchant     |       |       |       |       |     3 |     1 |     2 |       |     3 ||     9
Evoke: Wand              |       |       |       |       |       |     1 |    12 |       |    14 ||    27
       Tin of tremorston |       |       |       |       |       |     3 |     1 |     6 |    12 ||    22
       Condenser vane    |       |       |       |       |       |     1 |     1 |     2 |    10 ||    14
       Phial of floods   |       |       |       |       |       |     1 |       |       |       ||     1
  Use: Scroll            |       |     4 |     3 |    17 |     6 |    10 |    19 |     6 |    22 ||    87
       Potion            |       |     1 |       |    10 |     7 |     8 |       |     6 |    39 ||    71
 Stab: Distracted        |       |       |     2 |     6 |    15 |    19 |    21 |    10 |    53 ||   126
       Invisible         |       |       |       |       |     7 |     1 |       |     2 |    14 ||    24
       Confused          |       |       |       |       |       |       |       |       |     2 ||     2
Armor: Scale mail        |    65 |   159 |   202 |    50 |       |       |       |       |       ||   476
       Ring mail         |       |       |       |    46 |       |       |       |       |       ||    46
       Chain mail        |       |       |       |   212 |   582 |   660 |   910 |   267 |   618 ||  3249
       Plate armour      |       |       |       |       |       |       |       |       |  1351 ||  1351
Dodge: Dodged            |    43 |   105 |   141 |   153 |   310 |   538 |   699 |   206 |  1775 ||  3970
Block: Buckler           |    18 |    45 |    77 |   139 |   315 |   167 |       |       |       ||   761
       Kite shield       |       |       |       |       |       |   497 |  1451 |   500 |  3045 ||  5493

Table legend: (Time is in decaauts)
 A = Elapsed time spent in this place.
 B = Non-inter-level travel time spent in this place.
 C = Inter-level travel time spent in this place.
 D = Time resting spent in this place.
 E = Time spent auto-exploring this place.
 F = Levels seen in this place.
 G = Mean time per level.
                   A        B        C        D        E       F      G
               +--------+--------+--------+--------+--------+-----+--------+
         Total |  91568 |  85943 |   5625 |  22425 |  33668 |  92 |  995.3 |
       Dungeon |  15662 |  14533 |   1129 |   2190 |   8880 |  15 | 1044.1 |
        Temple |     65 |     65 |      0 |      0 |      0 |   1 |   65.0 |
          Lair |   8192 |   7177 |   1015 |   1577 |   3914 |   5 | 1638.4 |
        Shoals |   4849 |   4698 |    151 |    762 |   2445 |   4 | 1212.2 |
   Spider Nest |   4734 |   4336 |    398 |   1028 |   1367 |   4 | 1183.5 |
    Slime Pits |   3798 |   3752 |     46 |   1207 |   1372 |   5 |  759.6 |
  Orcish Mines |   2999 |   2751 |    248 |    978 |    894 |   2 | 1499.5 |
   Elven Halls |   7533 |   6886 |    647 |   2388 |   2101 |   3 | 2511.0 |
        Vaults |   9255 |   8709 |    546 |   1213 |   4311 |   5 | 1851.0 |
         Crypt |   3184 |   3070 |    114 |    770 |    988 |   3 | 1061.3 |
          Tomb |   1836 |   1665 |    171 |    871 |     39 |   1 | 1836.0 |
        Depths |   8141 |   7426 |    715 |   1926 |   3433 |   4 | 2035.2 |
          Hell |    791 |    756 |     35 |      0 |    394 |   1 |  791.0 |
       Gehenna |   4808 |   4697 |    111 |   2032 |    458 |   7 |  686.9 |
           Zot |   6984 |   6689 |    295 |   1557 |   2935 |   5 | 1396.8 |
         Abyss |    385 |    385 |      0 |     17 |     31 |   1 |  385.0 |
      Ziggurat |   6919 |   6919 |      0 |   3492 |      0 |  24 |  288.3 |
         Sewer |    434 |    434 |      0 |     72 |     57 |   1 |  434.0 |
      Gauntlet |    991 |    991 |      0 |    341 |     48 |   1 |  991.0 |
               +--------+--------+--------+--------+--------+-----+--------+

Top non-repeatable levels by time:
Depths:2: 3385 daAuts
   Elf:2: 3349 daAuts
   Geh:7: 3197 daAuts
  Lair:5: 2928 daAuts
   Elf:3: 2513 daAuts
Vaults:5: 2215 daAuts
   Zot:4: 2175 daAuts
Vaults:1: 1940 daAuts
  Lair:2: 1906 daAuts
  Tomb:1: 1836 daAuts
Vaults:2: 1792 daAuts
Spider:4: 1780 daAuts
    D:13: 1736 daAuts
   Elf:1: 1670 daAuts
Vaults:4: 1655 daAuts
